Workbook
Name _GrafikDaten_12.1: Titelblatt!$C$20:$G$31
Name _GrafikDaten_12.10: '12.1.2'!$L$27:$O$54
Name _GrafikDaten_12.11: '12.2'!$L$26:$N$61
Name _GrafikDaten_12.12: '12.3'!$L$31:$O$42
Name _GrafikDaten_12.13: '12.4'!$L$25:$P$58
Name _GrafikDaten_12.14: '12.6'!$M$14:$N$25
Name _GrafikDaten_12.15: '12.7'!$H$24:$I$42
Name _GrafikDaten_12.2: 'Überblick in Grafiken'!$C$3:$E$38
Name _GrafikDaten_12.3: 'Überblick in Grafiken'!$C$41:$D$50
Name _GrafikDaten_12.4: 'Überblick in Grafiken'!$G$3:$J$30
Name _GrafikDaten_12.5: 'Überblick in Grafiken'!$C$71:$D$89
Name _GrafikDaten_12.6: 'Überblick in Grafiken'!$C$103:$D$114
Name _GrafikDaten_12.7: 'Überblick in Grafiken'!$C$137:$D$155
Name _GrafikDaten_12.8: 'Überblick in Grafiken'!$C$169:$D$187
Name _GrafikDaten_12.9: '12.1.1'!$L$40:$N$67
Name _Tabelle_12.1: '12.1.1'!$A$2:$J$38
Name _Tabelle_12.1.1: '12.1.2'!$A$3:$J$25
Name _Tabelle_12.1.2: '12.1.3'!$A$3:$J$47
Name _Tabelle_12.1.3: '12.1.4'!$A$3:$J$91
Name _Tabelle_12.10: '12.9+12.10'!$A$25:$E$45
Name _Tabelle_12.2: '12.2'!$A$2:$J$24
Name _Tabelle_12.3: '12.3'!$A$2:$J$29
Name _Tabelle_12.4: '12.4'!$A$2:$J$23
Name _Tabelle_12.5: '12.5'!$A$2:$K$29
Name _Tabelle_12.6: '12.6'!$A$2:$K$12
Name _Tabelle_12.7: '12.7'!$A$2:$F$22
Name _Tabelle_12.8: '12.8'!$A$2:$I$39
Name _Tabelle_12.9: '12.9+12.10'!$A$2:$E$22

Sheet Titelblatt
A1: Titelblatt des Kapitels 12 "Volkswirtschaftliche Gesamtrechnungen": Link zum Inhaltsverzeichnis
A2: 12 | Volkswirtschaftliche Gesamtrechnungen
A20: Grafik 12.1 | C20: Daten der Grafik 12.1 "Primäreinkommen je Einwohner sowie Struktur des Primareinkommens 2023 nach Kreisen"
C21: Kreise | D21: Primäreinkommen je Einwohner | E21: Arbeitnehmerentgelt (Struktur des Primäreinkommens = 100 %) | F21: Betriebsüberschuss/ Selbstständigeneinkommen (Struktur des Primäreinkommens = 100 %) | G21: Vermögenseinkommen (Struktur des Primäreinkommens = 100 %)
C22: Rostock | D22: 25833 | E22: 84.616981 | F22: 6.4270884 | G22: 8.9559303
C23: Schwerin | D23: 25755 | E23: 84.871407 | F23: 6.2424764 | G23: 8.8861167
C24: Mecklenburgische Seenplatte | D24: 24613 | E24: 77.549825 | F24: 10.350408 | G24: 12.099768
C25: Landkreis Rostock | D25: 28317 | E25: 75.069789 | F25: 10.815922 | G25: 14.114288
C26: Vorpommern-Rügen | D26: 24771 | E26: 74.111957 | F26: 10.981207 | G26: 14.906836
C27: Nordwestmecklenburg | D27: 26766 | E27: 79.85124 | F27: 9.4202015 | G27: 10.728558
C28: Vorpommern-Greifswald | D28: 23750 | E28: 76.692418 | F28: 10.389681 | G28: 12.917901
C29: Ludwigslust-Parchim | D29: 28530 | E29: 74.988123 | F29: 11.362342 | G29: 13.649534
C30: Mecklenburg-Vorpommern | D30: 25966 | E30: 77.821246 | F30: 9.809626 | G30: 12.369128
C31: Nachrichtlich: Deutschland | D31: 34270 | E31: 77 | F31: 7.9 | G31: 15.1

Sheet Inhalt
A1: Inhaltsverzeichnis des Kapitels 12 "Volkswirtschaftliche Gesamtrechnungen": Die Gliederungen und Überschriften auf dieser Seite sind Links zum Inhalt.
A2: Inhaltsverzeichnis | C2: Seite
A3: Überblick | B3: Überblick in Grafiken | C3: =D3+302 -> 305 | D3: 3
B4: Überblick in Worten | C4: =D4+302 -> 308 | D4: 6
A5: Ergebnisse in Tabellen | D5: 7
A6: 12.1 | B6: Faktoren der Entstehung des Bruttoinlandsprodukts im Zeitvergleich
A7: 12.1.1 | B7: Überblick | C7: =D7+302 -> 309 | D7: 7
A8: 12.1.2 | B8: Land- und Forstwirtschaft, Fischerei (A) | C8: =D8+302 -> 310 | D8: 8
A9: 12.1.3 | B9: Produzierendes Gewerbe (B - F) | C9: =D9+302 -> 311 | D9: 9
A10: 12.1.4 | B10: Dienstleistungsbereiche (G - T) | C10: =D10+302 -> 312 | D10: 10
A11: 12.2 | B11: Gesamtwirtschaftliche Verteilungsaggregate im Überblick und Zeitvergleich | C11: =D11+302 -> 314 | D11: 12
A12: 12.3 | B12: Einkommen der privaten Haushalte und deren Verwendung im Zeitvergleich | C12: =D12+302 -> 315 | D12: 13
A13: 12.4 | B13: Verwendung des Bruttoinlandsprodukts im Zeitvergleich | C13: =D13+302 -> 316 | D13: 14
A14: 12.5 | B14: Gesamtwirtschaftliche Kenngrößen 2023 nach Kreisen | C14: =D14+302 -> 317 | D14: 15
A15: 12.6 | B15: Einkommen der privaten Haushalte 2023 nach Kreisen | C15: =D15+302 -> 318 | D15: 16
A16: 12.7 | B16: Bruttoinlandsprodukt und Bruttowertschöpfung in jeweiligen Preisen 2025 im Ländervergleich | C16: =D16+302 -> 319 | D16: 17
A17: 12.8 | B17: Erwerbstätige und geleistete Arbeitsstunden im Inland 2025 im Ländervergleich | C17: =D17+302 -> 320 | D17: 18
A18: 12.9 | B18: Gesamtwirtschaftliche Bruttolöhne und -gehälter je Arbeitnehmerin bzw. Arbeitnehmer (Verdienst) 2025 im Ländervergleich | C18: =D18+302 -> 321 | D18: 19
A19: 12.10 | B19: Gesamtwirtschaftliche Einkommensgrößen der privaten Haushalte je Einwohnerin bzw. Einwohner 2024 im Ländervergleich | C19: =D19+302 -> 321 | D19: 19
A20: Ergebnisse in Grafiken
A21: 12.1 | B21: Primäreinkommen je Einwohnerin bzw. Einwohner sowie Struktur des Primäreinkommens 2023 nach Kreisen | C21: =D21+302 -> 303 | D21: 1
A22: 12.2 | B22: Wirtschaftswachstum gegenüber dem Vorjahr | C22: =D22+302 -> 305 | D22: 3
A23: 12.3 | B23: Jahresdurchschnittliche Arbeitszeit je Erwerbstätiger bzw. Erwerbstätigen 2025 nach Hauptbereichen der Wirtschaft | C23: =D23+302 -> 305 | D23: 3
A24: 12.4 | B24: Gesamtwirtschaftliche Produktivität, Lohnkosten und Lohnstückkosten im Zeitvergleich | C24: =D24+302 -> 305 | D24: 3
A25: 12.5 | B25: Bruttoinlandsprodukt je Erwerbstätiger bzw. Erwerbstätigen 2025 im Ländervergleich | C25: =D25+302 -> 306 | D25: 4
A26: 12.6 | B26: Bruttoinlandsprodukt je Erwerbstätiger bzw. Erwerbstätigen 2023 nach Kreisen | C26: =D26+302 -> 306 | D26: 4
A27: 12.7 | B27: Durchschnittliche Bruttolöhne und -gehälter je Arbeitnehmerin bzw. Arbeitnehmer in der Gesamtwirtschaft 2025 im Ländervergleich | C27: =D27+302 -> 307 | D27: 5
A28: 12.8 | B28: Verfügbares Einkommen der privaten Haushalte je Einwohnerin bzw. Einwohner 2024 im Ländervergleich | C28: =D28+302 -> 307 | D28: 5
A29: 12.9 | B29: Angleichungsstand des Bruttoinlandsprodukts je geleisteter Arbeitsstunde der Erwerbstätigen an den Bundesdurchschnitt im Zeitvergleich | C29: =D29+302 -> 309 | D29: 7
A30: 12.10 | B30: Schere der im Verarbeitenden Gewerbe gezahlten Stundenlöhne im Zeitvergleich | C30: =D30+302 -> 310 | D30: 8
A31: 12.11 | B31: Bestandteile des Volkseinkommens im Zeitvergleich | C31: =D31+302 -> 314 | D31: 12
A32: 12.12 | B32: Struktur des Primäreinkommens im Zeitvergleich | C32: =D32+302 -> 315 | D32: 13
... A35: 12.15 | B35: Anteil des Verarbeitenden Gewerbes an der Bruttowertschöpfung der Wirtschaft 2025 im Ländervergleich | C35: =D35+302 -> 319 | D35: 17
A36: Erläuterungen
A37: Methodik | C37: =D37+302 -> 322 | D37: 20
A38: Glossar | C38: =D38+302 -> 323 | D38: 21
A39: Mehr zum Thema | C39: =D39+302 -> 325 | D39: 23

Sheet Überblick in Grafiken
A1: Link zum Inhaltsverzeichnis
A2: Überblick in Grafiken
A3: Grafik 12.2 | C3: Daten der Grafik 12.2 "Wirtschaftswachstum (Basis: Bruttoinlandsprodukt preisbereinigt, verkettet) gegenüber dem Vorjahr" | G3: Daten der Grafik 12.4 "Gesamtwirtschaftliche Produktivität, Lohnkosten und Lohnstückkosten im Zeitvergleich"
C4: Jahr | D4: Mecklenburg-Vorpommern in % | E4: Deutschland in % | G4: Jahr | H4: Produktivität in EUR (= Bruttoinlandsprodukt in jeweiligen Preisen je Erwerbstätigen) | I4: Lohnkosten in EUR (= Arbeitnehmerentgelt je Arbeitnehmer) | J4: Lohnstückkosten in % (= Lohnkosten in Relation zur Produktivität)
C5: 1992 | D5: 7.9491969 | E5: 2.0136132 | G5: 2000 | H5: 38687 | I5: 23592 | J5: 60.981725
C6: 1993 | D6: 10.411604 | E6: -0.97303308 | G6: 2001 | H6: 40226 | I6: 24114 | J6: 59.946303
C7: 1994 | D7: 11.449845 | E7: 2.5968557 | G7: 2002 | H7: 40984 | I7: 24556 | J7: 59.916065
C8: 1995 | D8: 7.5271936 | E8: 1.5049938 | G8: 2003 | H8: 42062 | I8: 25080 | J8: 59.626266
C9: 1996 | D9: 2.9051594 | E9: 1.0378757 | G9: 2004 | H9: 42693 | I9: 25195 | J9: 59.014358
C10: 1997 | D10: 1.5865753 | E10: 1.8543223 | G10: 2005 | H10: 42968 | I10: 25392 | J10: 59.095141
C11: 1998 | D11: 0.37712549 | E11: 2.0956123 | G11: 2006 | H11: 43972 | I11: 25446 | J11: 57.868644
C12: 1999 | D12: 2.7919704 | E12: 2.1295702 | G12: 2007 | H12: 45402 | I12: 25767 | J12: 56.753006
C13: 2000 | D13: 0.13139599 | E13: 2.876523 | G13: 2008 | H13: 46060 | I13: 26339 | J13: 57.184108
C14: 2001 | D14: -1.0526288 | E14: 1.6361416 | G14: 2009 | H14: 45514 | I14: 26933 | J14: 59.175199
C15: 2002 | D15: 0.35991825 | E15: -0.22825565 | G15: 2010 | H15: 47022 | I15: 27668 | J15: 58.840543
C16: 2003 | D16: -0.12904268 | E16: -0.52980132 | G16: 2011 | H16: 49694 | I16: 28711 | J16: 57.775587
... C22: 2009 | D22: -0.68225677 | E22: -5.5445545 | G22: 2017 | H22: 59812 | I22: 34645 | J22: 57.923159
A23: Grafik 12.3 | C23: 2010 | D23: 0.72037618 | E23: 4.1346378 | G23: 2018 | H23: 59820 | I23: 35931 | J23: 60.065196
C24: 2011 | D24: 2.1381067 | E24: 3.7579689 | G24: 2019 | H24: 63364 | I24: 37489 | J24: 59.16451
C25: 2012 | D25: -0.35593879 | E25: 0.46351191 | G25: 2020 | H25: 62462 | I25: 38164 | J25: 61.099549
C26: 2013 | D26: -0.19482988 | E26: 0.39699571 | G26: 2021 | H26: 66244 | I26: 39240 | J26: 59.235553
C27: 2014 | D27: 2.8467341 | E27: 2.180186 | G27: 2022 | H27: 74027 | I27: 41356 | J27: 55.866103
C28: 2015 | D28: 0.56932647 | E28: 1.663006 | G28: 2023 | H28: 77973 | I28: 44195 | J28: 56.679876
C29: 2016 | D29: 1.4585622 | E29: 2.2222222 | G29: 2024 | H29: 80891 | I29: 46537 | J29: 57.530504
C30: 2017 | D30: 4.6286702 | E30: 2.7979066 | G30: 2025 | H30: 84710 | I30: 49072 | J30: 57.929406
C31: 2018 | D31: -1.48839 | E31: 1.1356961
C32: 2019 | D32: 3.5146334 | E32: 0.97773475
C33: 2020 | D33: -3.8330394 | E33: -4.1319145
C34: 2021 | D34: 2.4730927 | E34: 3.91
C35: 2022 | D35: 2.7685377 | E35: 1.809258
C36: 2023 | D36: -1.3620342 | E36: -0.86964741
C37: 2024 | D37: -0.34732537 | E37: -0.49585201
C38: 2025 | D38: 1.4199059 | E38: 0.23957834
C41: Daten der Grafik 12.3 "Jahresdurchschnittliche Arbeitszeit je Erwerbstätigen 2025 nach Hauptbereichen der Wirtschaft"
C42: Hauptbereiche der Wirtschaft | D42: Stunden je Erwerbstätigen
C43: Land- und Forstwirtschaft, Fischerei | D43: 1564
A44: Grafik 12.4 | C44: Produzierendes Gewerbe | D44: 1468
C45: darunter: Verarbeitendes Gewerbe | D45: 1440
C46: darunter: Baugewerbe | D46: 1501
C47: Handel, Verkehr, Lagerei, Gastgewerbe, Information und Kommunikation | D47: 1324
C48: Finanz-, Versicherungs- und Unternehmensdienstleister; Grundstücks- und Wohnungswesen | D48: 1260
C49: Öffentliche und sonstige Dienstleister, Erziehung und Unterricht; private Haushalte | D49: 1340
C50: Nachrichtlich: Durchschnitt der Wirtschaft | D50: 1354
A67: Überblick in Grafiken
A68: Grafik 12.5
C71: Daten der Grafik 12.5 "Bruttoinlandsprodukt je Erwerbstätigen 2025 im Ländervergleich"
C72: Bundesland | D72: EUR je Erwerbstätigen
C73: Baden-Württemberg | D73: ='12.7'!B7*1000/'12.8'!B6 -> 104020.91
C74: Bayern | D74: ='12.7'!B8*1000/'12.8'!B7 -> 104670.06
C75: Berlin | D75: ='12.7'!B9*1000/'12.8'!B8 -> 99503.564
C76: Brandenburg | D76: ='12.7'!B10*1000/'12.8'!B9 -> 91088.441
C77: Bremen | D77: ='12.7'!B11*1000/'12.8'!B10 -> 96391.558
C78: Hamburg | D78: ='12.7'!B12*1000/'12.8'!B11 -> 122895.11
C79: Hessen | D79: ='12.7'!B13*1000/'12.8'!B12 -> 105596.98
C80: Mecklenburg-Vorpommern | D80: ='12.7'!B14*1000/'12.8'!B13 -> 84709.803
C81: Niedersachsen | D81: ='12.7'!B15*1000/'12.8'!B14 -> 94186.99
C82: Nordrhein-Westfalen | D82: ='12.7'!B16*1000/'12.8'!B15 -> 92425.885
C83: Rheinland-Pfalz | D83: ='12.7'!B17*1000/'12.8'!B16 -> 90040.556
C84: Saarland | D84: ='12.7'!B18*1000/'12.8'!B17 -> 83621.467
... C88: Thüringen | D88: ='12.7'!B22*1000/'12.8'!B21 -> 80321.109
C89: Deutschland | D89: ='12.7'!B6*1000/'12.8'!B5 -> 97209.995
A100: Grafik 12.6
C103: Daten der Grafik 12.6 "Bruttoinlandsprodukt je Erwerbstätigen 2023 nach Kreisen"
C104: Kreise | D104: EUR je Erwerbstätigen
C105: Rostock | D105: 84268
C106: Schwerin | D106: 74683
C107: Mecklenburgische Seenplatte | D107: 77781
C108: Landkreis Rostock | D108: 77521
C109: Vorpommern-Rügen | D109: 73739
C110: Nordwestmecklenburg | D110: 82134
C111: Vorpommern-Greifswald | D111: 71891
C112: Ludwigslust-Parchim | D112: 78793
C113: Mecklenburg-Vorpommern | D113: 77607
C114: Nachrichtlich: Deutschland | D114: 90968
A133: Überblick in Grafiken
A134: Grafik 12.7
C137: Daten der Grafik 12.7 "Durschnittliche Bruttolöhne und -gehälter je Arbeitnehmer in der Gesamtwirtschaft 2025 im Ländervergleich"
C138: Bundesland | D138: EUR je Arbeitnehmer
C139: Baden-Württemberg | D139: ='12.9+12.10'!B7 -> 50785
C140: Bayern | D140: ='12.9+12.10'!B8 -> 50920
C141: Berlin | D141: ='12.9+12.10'!B9 -> 52031
C142: Brandenburg | D142: ='12.9+12.10'!B10 -> 42157
C143: Bremen | D143: ='12.9+12.10'!B11 -> 48987
C144: Hamburg | D144: ='12.9+12.10'!B12 -> 57313
C145: Hessen | D145: ='12.9+12.10'!B13 -> 53251
C146: Mecklenburg-Vorpommern | D146: ='12.9+12.10'!B14 -> 40583
C147: Niedersachsen | D147: ='12.9+12.10'!B15 -> 43940
C148: Nordrhein-Westfalen | D148: ='12.9+12.10'!B16 -> 47145
C149: Rheinland-Pfalz | D149: ='12.9+12.10'!B17 -> 43952
C150: Saarland | D150: ='12.9+12.10'!B18 -> 43971
... C154: Thüringen | D154: ='12.9+12.10'!B22 -> 41639
C155: Deutschland | D155: ='12.9+12.10'!B6 -> 48017
A166: Grafik 12.8
C169: Daten der Grafik 12.8 "Verfügbares Einkommen der privaten Haushlte je Einwohner 2024 im Ländervergleich"
C170: Bundesland | D170: EUR je Einwohner
C171: Baden-Württemberg | D171: ='12.9+12.10'!C30 -> 31966
C172: Bayern | D172: ='12.9+12.10'!C31 -> 33204
C173: Berlin | D173: ='12.9+12.10'!C32 -> 27595
C174: Brandenburg | D174: ='12.9+12.10'!C33 -> 27560
C175: Bremen | D175: ='12.9+12.10'!C34 -> 26542
...

Sheet Überblick in Worten
A1: Link zum Inhaltsverzeichnis
A2: Überblick in Worten
A3: § | B3: 2025 wurde im Land ein Bruttoinlandsprodukt von 63,6 Milliarden EUR erwirtschaftet, das waren 2,7 Milliarden EUR mehr als noch 2024.
A4: § | B4: Gegenüber dem Vorjahr stieg das Bruttoinlandsprodukt 2025 preisbereinigt um 1,4 Prozent, im Vorjahr waren es noch -0,3 Prozent.
A5: § | B5: In der Gesamtwirtschaft entstand 2025 eine Bruttowertschöpfung von 57,5 Milliarden EUR, an der die Land- und Forst- wirtschaft einschließlich Fischerei 2,9 Prozent, das Produzierende Gewerbe 24,4 Prozent und die Dienstleistungsbereiche 72,7 Prozent Anteil hatten. Im Jahr 2025 wies die preisbereinigte Entwicklung im Produzierenden Gewerbe den höchsten positiven Zuwachs (+3,4 Prozent) aus.
A6: § | B6: Je Erwerbstätiger bzw. Erwerbstätigen wurde 2025 ein Bruttoinlandsprodukt von 84.710 EUR erwirtschaftet, das waren preisbereinigt 1,6 Prozent mehr als 2024. Die Produktivität erreichte somit 87,1 Prozent des Bundesdurchschnitts. Je Erwerbstätigenstunde entstand 2025 ein Bruttoinlandsprodukt von 62,58 EUR (85,8 Prozent des Bundesdurchschnitts).
A7: § | B7: Je Arbeitnehmerin bzw. Arbeitnehmer wurden 2025 durchschnittlich 40.583 EUR an Bruttolöhnen und -gehältern gezahlt. Das waren 84,5 Prozent des Bundesdurchschnitts oder je Arbeitnehmerin bzw. Arbeitnehmer 7.434 EUR weniger als im Bundesdurchschnitt. Die Bruttolöhne und -gehälter stiegen aber 2025 je Arbeitnehmerin bzw. Arbeitnehmer im Durch- schnitt um 5,0 Prozent gegenüber dem Vorjahr.
A8: § | B8: Je Arbeitsstunde wurden in der Gesamtwirtschaft Bruttolöhne und -gehälter von durchschnittlich 30,80 EUR gezahlt. Das waren 5,6 Prozent mehr als im Vorjahr und 83,2 Prozent des Bundesdurchschnitts.
A9: § | B9: 2025 hatten 750.624 Erwerbstätige einen Arbeitsplatz im Land (1.560 weniger als 2024), darunter 689.315 als Arbeitneh- merin bzw. Arbeitnehmer. Von den Erwerbstätigen arbeiteten 2,6 Prozent in der Land- und Forstwirtschaft einschließlich Fischerei, 18,4 Prozent im Produzierenden Gewerbe sowie 79,0 Prozent in den Dienstleistungsbereichen. Die Zahl der Erwerbstätigen stieg im Jahr 2025 gegenüber dem Vorjahr von allen Wirtschaftssektoren nur in den Dienst- leistungsbereichen.
A10: § | B10: Insgesamt arbeiteten die Erwerbstätigen 1.016,1 Millionen Stunden im Jahr 2025. Jede bzw. jeder Erwerbstätige leistete damit im Durchschnitt 1.354 Stunden Arbeit, 10 Stunden weniger als 2024.
A11: § | B11: Jede Arbeitnehmerin bzw. jeder Arbeitnehmer arbeitete 2025 im Durchschnitt 1.318 Stunden, 7 Stunden weniger als 2024.
A12: § | B12: Das Primäreinkommen der privaten Haushalte einschließlich privater Organisationen ohne Erwerbszweck umfasste 2024 insgesamt 43,2 Milliarden EUR. Davon entfielen 80,1 Prozent auf das empfangene Arbeitnehmerentgelt, 7,8 Prozent auf Betriebsüberschuss/Selbstständigeneinkommen und 12,1 Prozent auf Vermögenseinkommen. Je Einwohnerin bzw. Einwoh- ner betrug es 27.424 EUR, das waren 75,8 Prozent des Bundesdurchschnitts.
A13: § | B13: Das Nettonationaleinkommen erreichte 2024 je Einwohnerin bzw. Einwohner 32.206 EUR, das Volkseinkommen 29.082 EUR. Das waren 74,9 bzw. 75,9 Prozent des jeweiligen Bundesdurchschnitts.

Sheet 12.1.1
A1: Link zum Inhaltsverzeichnis
A2: 12.1 Faktoren der Entstehung des Bruttoinlandsprodukts im Zeitvergleich
A3: 12.1.1 Überblick
A4: Merkmal | B4: Einheit | C4: 2000 | D4: 2005 | E4: 2010 | F4: 2015 | G4: 2020 | H4: 2023 | I4: 2024 | J4: 2025
A5: Bruttoinlandsprodukt (BIP) | B5: Mill. EUR | C5: 29683.589 | D5: 31077.378 | E5: 35348.564 | F5: 40746.634 | G5: 47252.657 | H5: 59190.321 | I5: 60845.087 | J5: 63585.211
A6: Veränderung gegenüber dem Vorjahr | B6: % | C6: 0.81953861 | D6: 0.39897746 | E6: 2.787486 | F6: 1.8011345 | G6: -2.0757936 | H6: 5.1634419 | I6: 2.7956699 | J6: 4.5034433
A7: Bruttowertschöpfung (BWS) (A - T) | B7: Mill. EUR | C7: 26695.508 | D7: 27996.793 | E7: 31643.781 | F7: 36341.856 | G7: 42451.378 | H7: 54064.709 | I7: 55115.307 | J7: 57538.193
A8: Veränderung gegenüber dem Vorjahr | B8: % | C8: 0.78354839 | D8: 0.23993386 | E8: 3.1960034 | F8: 1.7916859 | G8: -1.5743923 | H8: 6.6874581 | I8: 1.9432233 | J8: 4.396031
A9: Erwerbstätige (A - T) | B9: 1.000 | C9: 767.268 | D9: 723.264 | E9: 751.75 | F9: 742.897 | G9: 756.5 | H9: 759.114 | I9: 752.184 | J9: 750.624
A10: Arbeitsstunden der Erwerbstätigen | B10: Mill. Stunden | C10: 1213.522 | D10: 1108.27 | E10: 1135.993 | F10: 1091.589 | G10: 1039.069 | H10: 1043.298 | I10: 1025.61 | J10: 1016.144
A11: BIP je Erwerbstätiger bzw. Erwerbstätigen | B11: EUR | C11: 38687 | D11: 42968 | E11: 47022 | F11: 54848 | G11: 62462 | H11: 77973 | I11: 80891 | J11: 84710
A12: Deutschland = 100 | C12: 72.620277 | D12: 72.648576 | E12: 73.89562 | F12: 76.642958 | G12: 81.393258 | H12: 84.887974 | I12: 85.930844 | J12: 87.141241
A13: BIP je geleisteter Arbeitsstunde der Erwerbstätigen | B13: EUR | C13: 24.46 | D13: 28.04 | E13: 31.12 | F13: 37.33 | G13: 45.48 | H13: 56.73 | I13: 59.33 | J13: 62.58
A14: Deutschland = 100 | C14: 67.234744 | D14: 67.877027 | E14: 69.713262 | F14: 73.110067 | G14: 77.850051 | H14: 82.68474 | I14: 84.096386 | J14: 85.761272
A15: BWS je Erwerbstätiger bzw. Erwerbstätigen | B15: EUR | C15: 34793 | D15: 38709 | E15: 42093 | F15: 48919 | G15: 56116 | H15: 71221 | I15: 73274 | J15: 76654
A16: Deutschland = 100 | C16: 72.620066 | D16: 72.6493 | E16: 73.894038 | F16: 76.643113 | G16: 81.394775 | H16: 84.887962 | I16: 85.931746 | J16: 87.141477
A17: BWS je Erwerbstätigenstunde | B17: EUR | C17: 22 | D17: 25.26 | E17: 27.86 | F17: 33.29 | G17: 40.86 | H17: 51.82 | I17: 53.74 | J17: 56.62
A18: Deutschland = 100 | C18: 67.257719 | D18: 67.884977 | E18: 69.71972 | F18: 73.100571 | G18: 77.843399 | H18: 82.687091 | I18: 84.100156 | J18: 85.748902
A19: Arbeitnehmerinnen und Arbeitnehmer (A - T) | B19: 1.000 | C19: 706.246 | D19: 644.217 | E19: 666.919 | F19: 665.947 | G19: 685.259 | H19: 691.988 | I19: 689.565 | J19: 689.315
A20: Arbeitsstunden der Arbeitnehmerinnen und Arbeitnehmer | B20: Mill. Stunden | C20: 1075.797 | D20: 942.81 | E20: 964.417 | F20: 940.618 | G20: 913.461 | H20: 921.975 | I20: 913.927 | J20: 908.355
A21: Arbeitnehmerentgelt (Inland) (A - T) | B21: Mill. EUR | C21: 16661.56 | D21: 16357.876 | E21: 18452.205 | F21: 21697.325 | G21: 26152.196 | H21: 30582.202 | I21: 32090.41 | J21: 33826
A22: Lohnkosten je Arbeitnehmerin bzw. Arbeitnehmer | B22: EUR | C22: 23592 | D22: 25392 | E22: 27668 | F22: 32581 | G22: 38164 | H22: 44195 | I22: 46537 | J22: 49072
A23: Deutschland = 100 | C23: 74.776545 | D23: 75.933014 | E23: 76.844883 | F23: 79.149257 | G23: 82.465049 | H23: 83.53337 | I23: 83.662022 | J23: 84.03747
A24: Lohnkosten je Arbeitnehmerstunde | B24: EUR | C24: 15.49 | D24: 17.35 | E24: 19.13 | F24: 23.07 | G24: 28.63 | H24: 33.17 | I24: 35.11 | J24: 37.24
A25: Deutschland = 100 | C25: 67.553423 | D25: 69.987898 | E25: 71.728534 | F25: 74.975626 | G25: 78.653846 | H25: 81.498771 | I25: 81.917872 | J25: 82.77395
A26: Bruttolöhne und -gehälter (Inland) (A - T) | B26: Mill. EUR | C26: 13779.113 | D26: 13515.721 | E26: 15243.948 | F26: 18059.549 | G26: 21662.53 | H26: 25412.483 | I26: 26662.062 | J26: 27974.162
A27: Verdienst je Arbeitnehmerin bzw. Arbeitnehmer | B27: EUR | C27: 19510 | D27: 20980 | E27: 22857 | F27: 27119 | G27: 31612 | H27: 36724 | I27: 38665 | J27: 40583
A28: Deutschland = 100 | C28: 76.518806 | D28: 77.149371 | E28: 77.856121 | F28: 79.879234 | G28: 83.071425 | H28: 84.086642 | I28: 84.176953 | J28: 84.517983
A29: Verdienst je Arbeitnehmerstunde | B29: EUR | C29: 12.81 | D29: 14.34 | E29: 15.81 | F29: 19.2 | G29: 23.71 | H29: 27.56 | I29: 29.17 | J29: 30.8
A30: Deutschland = 100 | C30: 69.131139 | D30: 71.130952 | E30: 72.689655 | F30: 75.679937 | G30: 79.218176 | H30: 82.02381 | I30: 82.424414 | J30: 83.243243
A31: Bruttoanlagevermögen (A - T) | B31: Mill. EUR | C31: 176699.29 | D31: 204501.54 | E31: 251209.07 | F31: 296830.22 | G31: 365996.96 | H31: 493891.36 | I31: . | J31: .
A32: Ausrüstungen | B32: Mill. EUR | C32: 31936.464 | D32: 36534.474 | E32: 43754.396 | F32: 47751.373 | G32: 58000.613 | H32: 70920.289 | I32: . | J32: .
A33: Bauten | B33: Mill. EUR | C33: 144762.82 | D33: 167967.07 | E33: 207454.67 | F33: 249078.85 | G33: 307996.34 | H33: 422971.07 | I33: . | J33: .
A34: Modernitätsgrad des Bruttoanlage- vermögens (A - T) | B34: % | C34: 71.1809 | D34: 67.4092 | E34: 63.6354 | F34: 60.4118 | G34: 58.4519 | H34: 57.0844 | I34: . | J34: .
A35: Ausrüstungen | B35: % | C35: 60.2835 | D35: 54.1456 | E35: 53.5984 | F35: 51.8689 | G35: 54.0457 | H35: 53.075 | I35: . | J35: .
A36: Bauten | B36: % | C36: 73.585 | D36: 70.2941 | E36: 65.7524 | F36: 62.0496 | G36: 59.2816 | H36: 57.7567 | I36: . | J36: .
A37: Nachrichtlich
A38: Preisbereinigte Veränderung BIP gegenüber dem Vorjahr | B38: % | C38: 0.13139599 | D38: -0.27761303 | E38: 0.72037618 | F38: 0.56932647 | G38: -3.8330394 | H38: -1.3620342 | I38: -0.34732537 | J38: 1.4199059
A40: Grafik 12.9 | L40: Daten der Grafik 12.9 "Angleichsstand des Buttoinlandsprodukts je geleisteter Arbeitsstunde der Erwerbstätigen an den Bundesdurchschnitt im Zeitvergleich"
L41: Jahr | M41: Stand Mecklenburg-Vorpommern in % | N41: Differenz zum Bundesdurchschnitt in %
L42: 2000 | M42: 67.234744 | N42: 32.765256
L43: 2001 | M43: 67.928023 | N43: 32.071977
L44: 2002 | M44: 68.053761 | N44: 31.946239
L45: 2003 | M45: 68.814759 | N45: 31.185241
L46: 2004 | M46: 68.417141 | N46: 31.582859
L47: 2005 | M47: 67.877027 | N47: 32.122973
L48: 2006 | M48: 67.014465 | N48: 32.985535
L49: 2007 | M49: 67.449896 | N49: 32.550104
L50: 2008 | M50: 69.070988 | N50: 30.929012
L51: 2009 | M51: 70.212275 | N51: 29.787725
L52: 2010 | M52: 69.713262 | N52: 30.286738
L53: 2011 | M53: 70.993521 | N53: 29.006479
... L67: 2025 | M67: 85.761272 | N67: 14.238728

Sheet 12.1.2
A1: Link zum Inhaltsverzeichnis
A2: 12.1 Faktoren der Entstehung des Bruttoinlandsprodukts im Zeitvergleich
A3: 12.1.2 Land- und Forstwirtschaft, Fischerei (A)
A4: Merkmal | B4: Einheit | C4: 2000 | D4: 2005 | E4: 2010 | F4: 2015 | G4: 2020 | H4: 2023 | I4: 2024 | J4: 2025
A5: Bruttowertschöpfung (BWS) | B5: Mill. EUR | C5: 1177.308 | D5: 786.791 | E5: 980.013 | F5: 1072.544 | G5: 1459.492 | H5: 1771.583 | I5: 1704.383 | J5: 1660.279
A6: Veränderung gegenüber dem Vorjahr | B6: % | C6: 9.9207135 | D6: -34.905961 | E6: 17.453897 | F6: -25.81611 | G6: 4.2935298 | H6: -25.126674 | I6: -3.7932177 | J6: -2.5876813
A7: Anteil an der BWS (A - T) | B7: % | C7: 4.4101352 | D7: 2.8102897 | E7: 3.0970161 | F7: 2.9512637 | G7: 3.4380321 | H7: 3.2767826 | I7: 3.092395 | J7: 2.8855251
A8: Erwerbstätige | B8: 1.000 | C8: 26.674 | D8: 22.575 | E8: 23.225 | F8: 23.462 | G8: 21.96 | H8: 21.241 | I8: 19.916 | J8: 19.714
A9: Arbeitsstunden der Erwerbstätigen | B9: Mill. Stunden | C9: 46.984 | D9: 38.308 | E9: 39.25 | F9: 37.382 | G9: 34.066 | H9: 33.379 | I9: 30.527 | J9: 30.841
A10: BWS je Erwerbstätiger bzw. Erwerbstätigen | B10: EUR | C10: 44137 | D10: 34852 | E10: 42196 | F10: 45714 | G10: 66461 | H10: 83404 | I10: 85579 | J10: 84218
A11: Deutschland = 100 | C11: 159.15549 | D11: 140.14235 | E11: 134.10882 | F11: 132.71978 | G11: 154.89186 | H11: 121.26376 | I11: 122.15101 | J11: 121.50916
A12: BWS je Erwerbstätigenstunde | B12: EUR | C12: 25.06 | D12: 20.54 | E12: 24.97 | F12: 28.69 | G12: 42.84 | H12: 53.07 | I12: 55.83 | J12: 53.83
A13: Deutschland = 100 | C13: 186.04306 | D13: 159.10147 | E13: 150.78502 | F13: 147.8866 | G13: 165.46929 | H13: 128.77942 | I13: 132.23591 | J13: 127.95341
A14: Arbeitnehmerinnen und Arbeitnehmer | B14: 1.000 | C14: 23.997 | D14: 19.504 | E14: 18.787 | F14: 20.086 | G14: 18.361 | H14: 17.631 | I14: 17.446 | J14: 17.295
A15: Arbeitsstunden der Arbeitnehmerinnen und Arbeitnehmer | B15: Mill. Stunden | C15: 40.737 | D15: 31.567 | E15: 29.356 | F15: 30.053 | G15: 26.111 | H15: 25.795 | I15: 25.337 | J15: 25.73
A16: Arbeitnehmerentgelt (Inland) | B16: Mill. EUR | C16: 509.795 | D16: 420.107 | E16: 443.075 | F16: 514.79 | G16: 500.513 | H16: 548.012 | I16: 565.364 | J16: 576.317
A17: Lohnkosten je Arbeitnehmerin bzw. Arbeitnehmer | B17: EUR | C17: 21244 | D17: 21540 | E17: 23584 | F17: 25629 | G17: 27260 | H17: 31082 | I17: 32407 | J17: 33323
A18: Deutschland = 100 | C18: 102.9513 | D18: 113.07087 | E18: 117.73163 | F18: 114.64037 | G18: 114.55225 | H18: 114.65142 | I18: 114.60956 | J18: 113.16647
A19: Lohnkosten je Arbeitnehmerstunde | B19: EUR | C19: 12.51 | D19: 13.31 | E19: 15.09 | F19: 17.13 | G19: 19.17 | H19: 21.24 | I19: 22.31 | J19: 22.4
A20: Deutschland = 100 | C20: 90.783745 | D20: 99.254288 | E20: 109.18958 | F20: 105.61036 | G20: 105.27183 | H20: 103.45835 | I20: 104.49649 | J20: 100.67416
A21: Bruttolöhne und -gehälter (Inland) | B21: Mill. EUR | C21: 427.343 | D21: 355.019 | E21: 376.929 | F21: 440.857 | G21: 428.722 | H21: 468.483 | I21: 483.143 | J21: 489.643
A22: Verdienst je Arbeitnehmerin bzw. Arbeitnehmer | B22: EUR | C22: 17808 | D22: 18202 | E22: 20063 | F22: 21948 | G22: 23350 | H22: 26572 | I22: 27694 | J22: 28311
A23: Deutschland = 100 | C23: 104.8825 | D23: 114.65827 | E23: 118.96235 | F23: 115.84503 | G23: 115.7373 | H23: 115.72667 | I23: 115.67604 | J23: 114.0423
A24: Verdienst je Arbeitnehmerstunde | B24: EUR | C24: 10.49 | D24: 11.25 | E24: 12.84 | F24: 14.67 | G24: 16.42 | H24: 18.16 | I24: 19.07 | J24: 19.03
A25: Deutschland = 100 | C25: 92.504409 | D25: 100.7162 | E25: 110.30928 | F25: 106.76856 | G25: 106.34715 | H25: 104.42783 | I25: 105.47566 | J25: 101.43923
A27: Grafik 12.10 | L27: Daten der Grafik 12.10 "Schere der im Verarbeitenden Gewerbe gezahlten Stundenlöhne im Zeitvergleich"
L28: Jahr | M28: Mecklenburg-Vorpommern in EUR pro Stunde | N28: Bundesdurchschnitt in EUR je Stunde | O28: Schere in EUR pro Stunde
L29: 2000 | M29: 13.74 | N29: 21.78 | O29: 8.04
L30: 2001 | M30: 14.22 | N30: 22.45 | O30: 8.23
L31: 2002 | M31: 14.62 | N31: 22.91 | O31: 8.29
L32: 2003 | M32: 14.92 | N32: 23.51 | O32: 8.59
L33: 2004 | M33: 14.91 | N33: 23.77 | O33: 8.86
L34: 2005 | M34: 15.4 | N34: 24.39 | O34: 8.99
L35: 2006 | M35: 15.42 | N35: 24.79 | O35: 9.37
L36: 2007 | M36: 15.85 | N36: 25.44 | O36: 9.59
L37: 2008 | M37: 16.35 | N37: 26.03 | O37: 9.68
L38: 2009 | M38: 16.99 | N38: 26.96 | O38: 9.97
L39: 2010 | M39: 16.97 | N39: 27.23 | O39: 10.26
L40: 2011 | M40: 17.67 | N40: 28 | O40: 10.33
... L54: 2025 | M54: 31.84 | N54: 44.02 | O54: 12.18

Sheet 12.1.3
A1: Link zum Inhaltsverzeichnis
A2: 12.1 Faktoren der Entstehung des Bruttoinlandsprodukts im Zeitvergleich
A3: 12.1.3 Produzierendes Gewerbe (B - F)
A4: Merkmal | B4: Einheit | C4: 2000 | D4: 2005 | E4: 2010 | F4: 2015 | G4: 2020 | H4: 2023 | I4: 2024 | J4: 2025
A5: Bruttowertschöpfung (BWS) | B5: Mill. EUR | C5: 5517.909 | D5: 5343.034 | E5: 6123.23 | F5: 7373.087 | G5: 9407.092 | H5: 13299.863 | I5: 13199.541 | J5: 14021.069
A6: Veränderung gegenüber dem Vorjahr | B6: % | C6: -5.4639257 | D6: 3.2013062 | E6: 6.4126183 | F6: 0.22299455 | G6: 1.3942626 | H6: 15.650761 | I6: -0.75430852 | J6: 6.2239134
A7: Anteil an der BWS (A - T) | B7: % | C7: 20.669803 | D7: 19.08445 | E7: 19.3505 | F7: 20.288141 | G7: 22.159686 | H7: 24.599898 | I7: 23.948957 | J7: 24.368282
A8: Erwerbstätige | B8: 1.000 | C8: 177.596 | D8: 137.158 | E8: 142.801 | F8: 143.47 | G8: 148.601 | H8: 144.756 | I8: 141.481 | J8: 137.995
A9: Arbeitsstunden der Erwerbstätigen | B9: Mill. Stunden | C9: 295.612 | D9: 225.057 | E9: 231.165 | F9: 229.317 | G9: 222.89 | H9: 213.559 | I9: 207.894 | J9: 202.566
A10: BWS je Erwerbstätiger bzw. Erwerbstätigen | B10: EUR | C10: 31070 | D10: 38955 | E10: 42879 | F10: 51391 | G10: 63304 | H10: 91878 | I10: 93296 | J10: 101606
A11: Deutschland = 100 | C11: 60.838065 | D11: 65.800142 | E11: 63.221916 | F11: 67.654454 | G11: 78.388251 | H11: 87.416273 | I11: 89.720633 | J11: 94.858701
A12: BWS je Erwerbstätigenstunde | B12: EUR | C12: 18.67 | D12: 23.74 | E12: 26.49 | F12: 32.15 | G12: 42.21 | H12: 62.28 | I12: 63.49 | J12: 69.22
A13: Deutschland = 100 | C13: 56.184171 | D13: 61.201341 | E13: 59.169086 | F13: 64.107677 | G13: 74.483854 | H13: 85.373544 | I13: 87.487943 | J13: 92.465936
A14: Arbeitnehmerinnen und Arbeitnehmer | B14: 1.000 | C14: 163.335 | D14: 121.364 | E14: 127.436 | F14: 128.801 | G14: 134.151 | H14: 130.167 | I14: 127.827 | J14: 125.37
A15: Arbeitsstunden der Arbeitnehmerinnen und Arbeitnehmer | B15: Mill. Stunden | C15: 264.084 | D15: 191.959 | E15: 199.067 | F15: 199.28 | G15: 195.614 | H15: 185.908 | I15: 182.457 | J15: 179.424
A16: Arbeitnehmerentgelt (Inland) | B16: Mill. EUR | C16: 4097.118 | D16: 3398.594 | E16: 3911.666 | F16: 4565.038 | G16: 5531.011 | H16: 6338.43 | I16: 6564.141 | J16: 6736.566
A17: Lohnkosten je Arbeitnehmerin bzw. Arbeitnehmer | B17: EUR | C17: 25084 | D17: 28003 | E17: 30695 | F17: 35443 | G17: 41230 | H17: 48695 | I17: 51352 | J17: 53733
A18: Deutschland = 100 | C18: 65.868389 | D18: 67.347282 | E18: 67.65782 | F18: 68.832052 | G18: 73.390413 | H18: 76.177589 | I18: 76.594475 | J18: 77.169324
A19: Lohnkosten je Arbeitnehmerstunde | B19: EUR | C19: 15.51 | D19: 17.7 | E19: 19.65 | F19: 22.91 | G19: 28.28 | H19: 34.09 | I19: 35.98 | J19: 37.55
A20: Deutschland = 100 | C20: 60.609613 | D20: 62.743708 | E20: 63.203602 | F20: 65.270655 | G20: 69.896194 | H20: 75.005501 | I20: 75.177601 | J20: 75.477387
A21: Bruttolöhne und -gehälter (Inland) | B21: Mill. EUR | C21: 3407.795 | D21: 2843.946 | E21: 3280.014 | F21: 3877.455 | G21: 4652.745 | H21: 5349.269 | I21: 5538.632 | J21: 5658.546
A22: Verdienst je Arbeitnehmerin bzw. Arbeitnehmer | B22: EUR | C22: 20864 | D22: 23433 | E22: 25739 | F22: 30104 | G22: 34683 | H22: 41095 | I22: 43329 | J22: 45135
A23: Deutschland = 100 | C23: 68.131796 | D23: 68.861853 | E23: 69.319437 | F23: 70.105494 | G23: 74.564647 | H23: 77.546515 | I23: 77.938267 | J23: 78.499748
A24: Verdienst je Arbeitnehmerstunde | B24: EUR | C24: 12.9 | D24: 14.82 | E24: 16.48 | F24: 19.46 | G24: 23.79 | H24: 28.77 | I24: 30.36 | J24: 31.54
A25: Deutschland = 100 | C25: 62.682216 | D25: 64.183629 | E25: 64.75442 | F25: 66.484455 | G25: 71.014925 | H25: 76.353503 | I25: 76.492819 | J25: 76.77702
A26: Darunter: Verarbeitendes Gewerbe (C)
A27: Bruttowertschöpfung (BWS) | B27: Mill. EUR | C27: 2468.012 | D27: 2892.974 | E27: 3298.273 | F27: 4060.634 | G27: 4594.109 | H27: 6026.694 | I27: 6055.581 | J27: 6651.914
A28: Veränderung gegenüber dem Vorjahr | B28: % | C28: 4.4830991 | D28: 6.5676545 | E28: 5.3605152 | F28: 1.3938225 | G28: -5.3319865 | H28: 11.422093 | I28: 0.47931752 | J28: 9.8476595
A29: Anteil an der BWS (A - T) | B29: % | C29: 9.245046 | D29: 10.333234 | E29: 10.423132 | F29: 11.173436 | G29: 10.822049 | H29: 11.147187 | I29: 10.987113 | J29: 11.560867
A30: Erwerbstätige | B30: 1.000 | C30: 73.707 | D30: 70.221 | E30: 76.785 | F30: 77.323 | G30: 80.879 | H30: 76.249 | I30: 75.002 | J30: 73.59
A31: Arbeitsstunden der Erwerbstätigen | B31: Mill. Stunden | C31: 122.382 | D31: 113.909 | E31: 119.901 | F31: 120.845 | G31: 116.187 | H31: 110.067 | I31: 107.666 | J31: 105.959
A32: BWS je Erwerbstätiger bzw. Erwerbs- tätigen | B32: EUR | C32: 33484 | D32: 41198 | E32: 42955 | F32: 52515 | G32: 56802 | H32: 79040 | I32: 80739 | J32: 90392
A33: Deutschland = 100 | C33: 60.76951 | D33: 64.909406 | E33: 60.380939 | F33: 63.457634 | G33: 67.398372 | H33: 74.069909 | I33: 76.781673 | J33: 83.251517
A34: BWS je Erwerbstätigenstunde | B34: EUR | C34: 20.17 | D34: 25.4 | E34: 27.51 | F34: 33.6 | G34: 39.54 | H34: 54.75 | I34: 56.24 | J34: 62.78
A35: Deutschland = 100 | C35: 54.854501 | D35: 59.736595 | E35: 56.477109 | F35: 59.989288 | G35: 64.766585 | H35: 71.99211 | I35: 74.56908 | J35: 80.487179
A36: Arbeitnehmerinnen und Arbeitnehmer | B36: 1.000 | C36: 69.268 | D36: 65.653 | E36: 72.314 | F36: 73.151 | G36: 76.884 | H36: 72.715 | I36: 71.644 | J36: 70.281
A37: Arbeitsstunden der Arbeitnehmerinnen und Arbeitnehmer | B37: Mill. Stunden | C37: 112.861 | D37: 104.468 | E37: 110.91 | F37: 112.704 | G37: 108.948 | H37: 103.134 | I37: 101.132 | J37: 99.622
A38: Arbeitnehmerentgelt (Inland) | B38: Mill. EUR | C38: 1855.009 | D38: 1914.28 | E38: 2241.478 | F38: 2617.049 | G38: 3149.183 | H38: 3548.359 | I38: 3708.012 | J38: 3767.068
A39: Lohnkosten je Arbeitnehmerin bzw. Arbeitnehmer | B39: EUR | C39: 26780 | D39: 29158 | E39: 30996 | F39: 35776 | G39: 40960 | H39: 48798 | I39: 51756 | J39: 53600
A40: Deutschland = 100 | C40: 67.305034 | D40: 67.076144 | E40: 65.02339 | F40: 65.466257 | G40: 69.251188 | H40: 72.207754 | I40: 73.093436 | J40: 72.903349
A41: Lohnkosten je Arbeitnehmerstunde | B41: EUR | C41: 16.44 | D41: 18.32 | E41: 20.21 | F41: 23.22 | G41: 28.91 | H41: 34.41 | I41: 36.67 | J41: 37.81
A42: Deutschland = 100 | C42: 60.731437 | D42: 61.704278 | E42: 60.690691 | F42: 61.821086 | G42: 66.612903 | H42: 70.671596 | I42: 71.46755 | J42: 70.898181
A43: Bruttolöhne und -gehälter (Inland) | B43: Mill. EUR | C43: 1550.519 | D43: 1609.135 | E43: 1882.394 | F43: 2232.722 | G43: 2649.371 | H43: 3006.152 | I43: 3139.533 | J43: 3172.326
A44: Verdienst je Arbeitnehmerin bzw. Arbeitnehmer | B44: EUR | C44: 22384 | D44: 24510 | E44: 26031 | F44: 30522 | G44: 34459 | H44: 41342 | I44: 43821 | J44: 45138
A45: Deutschland = 100 | C45: 69.934702 | D45: 68.649693 | E45: 66.776974 | F45: 66.852111 | G45: 70.348897 | H45: 73.76046 | I45: 74.619419 | J45: 74.384496
A46: Verdienst je Arbeitnehmerstunde | B46: EUR | C46: 13.74 | D46: 15.4 | E46: 16.97 | F46: 19.81 | G46: 24.32 | H46: 29.15 | I46: 31.04 | J46: 31.84
A47: Deutschland = 100 | C47: 63.085399 | D47: 63.140631 | E47: 62.32097 | F47: 63.129382 | G47: 67.668336 | H47: 72.17133 | I47: 72.932331 | J47: 72.330759

Sheet 12.1.4
A1: Link zum Inhaltsverzeichnis
A2: 12.1 Faktoren der Entstehung des Bruttoinlandsprodukts im Zeitvergleich
A3: 12.1.4 Dienstleistungsbereiche (G - T)
A4: Merkmal | B4: Einheit | C4: 2000 | D4: 2005 | E4: 2010 | F4: 2015 | G4: 2020 | H4: 2023 | I4: 2024 | J4: 2025
A5: Bruttowertschöpfung (BWS) | B5: Mill. EUR | C5: 20000.291 | D5: 21866.968 | E5: 24540.538 | F5: 27896.225 | G5: 31584.794 | H5: 38993.263 | I5: 40211.383 | J5: 41856.845
A6: Veränderung gegenüber dem Vorjahr | B6: % | C6: 2.1461096 | D6: 1.5001076 | E6: 1.9330553 | F6: 3.704549 | G6: -2.6760996 | H6: 5.9321524 | I6: 3.1239243 | J6: 4.0920304
A7: Anteil an der BWS (A - T) | B7: % | C7: 74.920061 | D7: 78.10526 | E7: 77.552483 | F7: 76.760595 | G7: 74.402282 | H7: 72.12332 | I7: 72.958648 | J7: 72.746193
A8: Erwerbstätige | B8: 1.000 | C8: 562.998 | D8: 563.531 | E8: 585.724 | F8: 575.965 | G8: 585.939 | H8: 593.117 | I8: 590.787 | J8: 592.915
A9: Arbeitsstunden der Erwerbstätigen | B9: Mill. Stunden | C9: 870.926 | D9: 844.905 | E9: 865.578 | F9: 824.89 | G9: 782.113 | H9: 796.36 | I9: 787.189 | J9: 782.737
A10: BWS je Erwerbstätiger bzw. Erwerbstätigen | B10: EUR | C10: 35525 | D10: 38803 | E10: 41898 | F10: 48434 | G10: 53905 | H10: 65743 | I10: 68064 | J10: 70595
A11: Deutschland = 100 | C11: 75.30312 | D11: 74.813944 | E11: 77.704006 | F11: 80.159545 | G11: 82.164741 | H11: 84.766239 | I11: 85.322101 | J11: 85.560363
A12: BWS je Erwerbstätigenstunde | B12: EUR | C12: 22.96 | D12: 25.88 | E12: 28.35 | F12: 33.82 | G12: 40.38 | H12: 48.96 | I12: 51.08 | J12: 53.47
A13: Deutschland = 100 | C13: 69.052632 | D13: 69.197861 | E13: 72.860447 | F13: 75.948799 | G13: 78.286157 | H13: 82.161436 | I13: 83.165093 | J13: 84.085548
A14: Arbeitnehmerinnen und Arbeitnehmer | B14: 1.000 | C14: 518.914 | D14: 503.349 | E14: 520.696 | F14: 517.06 | G14: 532.747 | H14: 544.19 | I14: 544.292 | J14: 546.65
A15: Arbeitsstunden der Arbeitnehmerinnen und Arbeitnehmer | B15: Mill. Stunden | C15: 770.976 | D15: 719.284 | E15: 735.994 | F15: 711.285 | G15: 691.736 | H15: 710.272 | I15: 706.133 | J15: 703.201
A16: Arbeitnehmerentgelt (Inland) | B16: Mill. EUR | C16: 12054.647 | D16: 12539.175 | E16: 14097.464 | F16: 16617.497 | G16: 20120.672 | H16: 23695.76 | I16: 24960.905 | J16: 26513.117
A17: Lohnkosten je Arbeitnehmerin bzw. Arbeitnehmer | B17: EUR | C17: 23231 | D17: 24911 | E17: 27074 | F17: 32138 | G17: 37768 | H17: 43543 | I17: 45859 | J17: 48501
A18: Deutschland = 100 | C18: 80.356278 | D18: 81.373926 | E18: 82.087199 | F18: 84.834886 | G18: 87.266342 | H18: 87.643412 | I18: 87.622523 | J18: 87.779849
A19: Lohnkosten je Arbeitnehmerstunde | B19: EUR | C19: 15.64 | D19: 17.43 | E19: 19.15 | F19: 23.36 | G19: 29.09 | H19: 33.36 | I19: 35.35 | J19: 37.7
A20: Deutschland = 100 | C20: 71.776044 | D20: 74.138664 | E20: 76.143141 | F20: 79.781421 | G20: 82.830296 | H20: 84.971982 | I20: 85.448393 | J20: 86.408435
A21: Bruttolöhne und -gehälter (Inland) | B21: Mill. EUR | C21: 9943.975 | D21: 10316.756 | E21: 11587.005 | F21: 13741.237 | G21: 16581.063 | H21: 19594.731 | I21: 20640.287 | J21: 21825.973
A22: Verdienst je Arbeitnehmerin bzw. Arbeitnehmer | B22: EUR | C22: 19163 | D22: 20496 | E22: 22253 | F22: 26576 | G22: 31124 | H22: 36007 | I22: 37921 | J22: 39927
A23: Deutschland = 100 | C23: 81.805763 | D23: 82.60852 | E23: 82.912925 | F23: 85.519372 | G23: 87.735025 | H23: 87.963551 | I23: 87.906254 | J23: 88.03219
A24: Verdienst je Arbeitnehmerstunde | B24: EUR | C24: 12.9 | D24: 14.34 | E24: 15.74 | F24: 19.32 | G24: 23.97 | H24: 27.59 | I24: 29.23 | J24: 31.04
A25: Deutschland = 100 | C25: 73.046433 | D25: 75.275591 | E25: 76.930596 | F25: 80.432973 | G25: 83.258076 | H25: 85.285935 | I25: 85.718475 | J25: 86.6555
A26: Darunter: Handel, Verkehr, Lagerei, Gast- gewerbe, Information und Kommuni- kation (G - J)
A27: Bruttowertschöpfung (BWS) | B27: Mill. EUR | C27: 5769.997 | D27: 5879.122 | E27: 6175.259 | F27: 7044.016 | G27: 7950.564 | H27: 10952.248 | I27: 11161.895 | J27: 11419.487
A28: Veränderung gegenüber dem Vorjahr | B28: % | C28: 2.708662 | D28: -0.63661219 | E28: -5.2925226 | F28: 4.2833041 | G28: -9.2122063 | H28: 3.1058231 | I28: 1.9141915 | J28: 2.3077802
A29: Anteil an der BWS (A - T) | B29: % | C29: 21.614112 | D29: 20.999269 | E29: 19.514921 | F29: 19.382653 | G29: 18.728636 | H29: 20.257666 | I29: 20.251897 | J29: 19.846795
A30: Erwerbstätige | B30: 1.000 | C30: 195.149 | D30: 188.01 | E30: 194.852 | F30: 192.299 | G30: 191.669 | H30: 191.556 | I30: 189.723 | J30: 188.979
A31: Arbeitsstunden der Erwerbstätigen | B31: Mill. Stunden | C31: 311.608 | D31: 286.663 | E31: 289.906 | F31: 274.212 | G31: 248.894 | H31: 256.782 | I31: 251.734 | J31: 250.265
A32: BWS je Erwerbstätiger bzw. Erwerbs- tätigen | B32: EUR | C32: 29567 | D32: 31270 | E32: 31692 | F32: 36631 | G32: 41481 | H32: 57175 | I32: 58833 | J32: 60427
A33: Deutschland = 100 | C33: 77.795611 | D33: 72.513508 | E33: 70.5411 | F33: 70.657562 | G33: 72.38888 | H33: 80.037797 | I33: 80.738037 | J33: 80.687675
A34: BWS je Erwerbstätigenstunde | B34: EUR | C34: 18.52 | D34: 20.51 | E34: 21.3 | F34: 25.69 | G34: 31.94 | H34: 42.65 | I34: 44.34 | J34: 45.63
A35: Deutschland = 100 | C35: 72.062257 | D35: 68.343885 | E35: 67.192429 | F35: 68.36083 | G35: 71.502127 | H35: 79.556053 | I35: 80.676856 | J35: 80.561441
A36: Arbeitnehmerinnen und Arbeitnehmer | B36: 1.000 | C36: 170.618 | D36: 161.045 | E36: 168.296 | F36: 169.29 | G36: 172.227 | H36: 174.144 | I36: 173.025 | J36: 172.671
A37: Arbeitsstunden der Arbeitnehmerinnen und Arbeitnehmer | B37: Mill. Stunden | C37: 253.406 | D37: 226.882 | E37: 232.866 | F37: 225.901 | G37: 213.617 | H37: 223.109 | I37: 219.769 | J37: 219.307
A38: Arbeitnehmerentgelt (Inland) | B38: Mill. EUR | C38: 3517.117 | D38: 3410.664 | E38: 3817.242 | F38: 4436.899 | G38: 5237.296 | H38: 6304.562 | I38: 6674.635 | J38: 6988.01
A39: Lohnkosten je Arbeitnehmerin bzw. Arbeitnehmer | B39: EUR | C39: 20614 | D39: 21178 | E39: 22682 | F39: 26209 | G39: 30409 | H39: 36203 | I39: 38576 | J39: 40470
A40: Deutschland = 100 | C40: 75.11022 | D40: 72.786637 | E40: 72.617256 | F40: 73.709818 | G40: 76.146238 | H40: 77.231419 | I40: 77.670841 | J40: 78.05659
A41: Lohnkosten je Arbeitnehmerstunde | B41: EUR | C41: 13.88 | D41: 15.03 | E41: 16.39 | F41: 19.64 | G41: 24.52 | H41: 28.26 | I41: 30.37 | J41: 31.86
A42: Deutschland = 100 | C42: 68.307087 | D42: 68.194192 | E42: 69.039596 | F42: 71.522214 | G42: 75.515861 | H42: 77.552141 | I42: 78.414666 | J42: 78.724981
A43: Bruttolöhne und -gehälter (Inland) | B43: Mill. EUR | C43: 2969.021 | D43: 2894.069 | E43: 3250.793 | F43: 3810.669 | G43: 4447.565 | H43: 5397.9 | I43: 5710.094 | J43: 5948.267
A44: Verdienst je Arbeitnehmerin bzw. Arbeitnehmer | B44: EUR | C44: 17402 | D44: 17971 | E44: 19316 | F44: 22510 | G44: 25824 | H44: 30997 | I44: 33002 | J44: 34449
A45: Deutschland = 100 | C45: 76.472139 | D45: 74.122499 | E45: 74.033192 | F45: 74.746804 | G45: 76.971684 | H45: 78.135162 | I45: 78.488358 | J45: 78.781988
A46: Verdienst je Arbeitnehmerstunde | B46: EUR | C46: 11.72 | D46: 12.76 | E46: 13.96 | F46: 16.87 | G46: 20.82 | H46: 24.19 | I46: 25.98 | J46: 27.12
A47: Deutschland = 100 | C47: 69.554896 | D47: 69.498911 | E47: 70.398386 | F47: 72.527945 | G47: 76.319648 | H47: 78.437095 | I47: 79.231473 | J47: 79.43761
A48: Darunter: Finanz-, Versicherungs- und Unternehmensdienstleister; Grundstücks- und Wohnungswesen (K - N)
A49: Bruttowertschöpfung (BWS) | B49: Mill. EUR | C49: 5535.607 | D49: 6469.212 | E49: 7709.89 | F49: 8468.577 | G49: 9291.699 | H49: 11083.923 | I49: 11384.881 | J49: 11648.769
A50: Veränderung gegenüber dem Vorjahr | B50: % | C50: 2.0881986 | D50: 2.6385444 | E50: 7.0272514 | F50: 3.4072871 | G50: -1.3743922 | H50: 8.9672275 | I50: 2.7152661 | J50: 2.3178811
A51: Anteil an der BWS (A - T) | B51: % | C51: 20.736099 | D51: 23.106975 | E51: 24.364629 | F51: 23.302544 | G51: 21.887862 | H51: 20.501216 | I51: 20.656478 | J51: 20.245281
A52: Erwerbstätige | B52: 1.000 | C52: 92.451 | D52: 99.569 | E52: 116.753 | F52: 114.946 | G52: 113.891 | H52: 111.387 | I52: 109.676 | J52: 108.904
A53: Arbeitsstunden der Erwerbstätigen | B53: Mill. Stunden | C53: 145.047 | D53: 150.816 | E53: 174.396 | F53: 161.354 | G53: 151.117 | H53: 148.511 | I53: 145.37 | J53: 137.193
A54: BWS je Erwerbstätiger bzw. Erwerbs- tätigen | B54: EUR | C54: 59876 | D54: 64972 | E54: 66036 | F54: 73674 | G54: 81584 | H54: 99508 | I54: 103805 | J54: 106964
A55: Deutschland = 100 | C55: 67.187325 | D55: 68.912412 | E55: 71.740831 | F55: 74.112002 | G55: 75.739206 | H55: 79.020385 | I55: 79.819914 | J55: 79.87574
A56: BWS je Erwerbstätigenstunde | B56: EUR | C56: 38.16 | D56: 42.89 | E56: 44.21 | F56: 52.48 | G56: 61.49 | H56: 74.63 | I56: 78.32 | J56: 84.91
A57: Deutschland = 100 | C57: 62.403925 | D57: 64.438101 | E57: 68.057266 | F57: 73.132664 | G57: 74.173703 | H57: 79.801112 | I57: 80.825593 | J57: 85.139878
A58: Arbeitnehmerinnen und Arbeitnehmer | B58: 1.000 | C58: 83.128 | D58: 84.046 | E58: 96.329 | F58: 97.758 | G58: 97.338 | H58: 95.689 | I58: 94.286 | J58: 93.55
A59: Arbeitsstunden der Arbeitnehmerinnen und Arbeitnehmer | B59: Mill. Stunden | C59: 124.174 | D59: 118.888 | E59: 134.112 | F59: 128.773 | G59: 122.309 | H59: 121.177 | I59: 118.945 | J59: 111.154
A60: Arbeitnehmerentgelt (Inland) | B60: Mill. EUR | C60: 1818.804 | D60: 1900.488 | E60: 2368.064 | F60: 2835.079 | G60: 3373.48 | H60: 3991.042 | I60: 4202.691 | J60: 4475.316
A61: Lohnkosten je Arbeitnehmerin bzw. Arbeitnehmer | B61: EUR | C61: 21880 | D61: 22612 | E61: 24583 | F61: 29001 | G61: 34657 | H61: 41708 | I61: 44574 | J61: 47839
A62: Deutschland = 100 | C62: 68.321624 | D62: 65.849326 | E62: 67.330394 | F62: 67.034186 | G62: 69.154944 | H62: 70.367121 | I62: 70.913343 | J62: 71.67643
A63: Lohnkosten je Arbeitnehmerstunde | B63: EUR | C63: 14.65 | D63: 15.99 | E63: 17.66 | F63: 22.02 | G63: 27.58 | H63: 32.94 | I63: 35.33 | J63: 40.26
A64: Deutschland = 100 | C64: 60.864146 | D64: 60.339623 | E64: 63.229502 | F64: 65.809922 | G64: 67.864173 | H64: 71.686616 | I64: 72.427224 | J64: 77.947725
A65: Bruttolöhne und -gehälter (Inland) | B65: Mill. EUR | C65: 1520.463 | D65: 1594.227 | E65: 2001.164 | F65: 2418.387 | G65: 2856.364 | H65: 3386.758 | I65: 3565.389 | J65: 3780.114
A66: Verdienst je Arbeitnehmerin bzw. Arbeitnehmer | B66: EUR | C66: 18291 | D66: 18969 | E66: 20774 | F66: 24739 | G66: 29345 | H66: 35393 | I66: 37815 | J66: 40407
A67: Deutschland = 100 | C67: 70.856899 | D67: 68.179858 | E67: 69.202838 | F67: 69.427216 | G67: 70.576493 | H67: 71.586335 | I67: 72.057394 | J67: 72.773936
A68: Verdienst je Arbeitnehmerstunde | B68: EUR | C68: 12.24 | D68: 13.41 | E68: 14.92 | F68: 18.78 | G68: 23.35 | H68: 27.95 | I68: 29.98 | J68: 34.01
A69: Deutschland = 100 | C69: 63.092784 | D69: 62.459245 | E69: 64.954288 | F69: 68.142235 | G69: 69.246738 | H69: 72.919384 | I69: 73.606678 | J69: 79.166667
A70: Darunter: Öffentliche und sonstige Dienst- leister, Erziehung und Unterricht; Private Haushalte (O - T)
A71: Bruttowertschöpfung (BWS) | B71: Mill. EUR | C71: 8694.687 | D71: 9518.634 | E71: 10655.389 | F71: 12383.632 | G71: 14342.531 | H71: 16957.092 | I71: 17664.607 | J71: 18788.589
A72: Veränderung gegenüber dem Vorjahr | B72: % | C72: 1.8128134 | D72: 2.0864444 | E72: 2.9393597 | F72: 3.581185 | G72: 0.47456397 | H72: 5.8790826 | I72: 4.172384 | J72: 6.3629041
A73: Anteil an der BWS (A - T) | B73: % | C73: 32.56985 | D73: 33.999016 | E73: 33.672932 | F73: 34.075398 | G73: 33.785784 | H73: 31.364438 | I73: 32.050274 | J73: 32.654117
A74: Erwerbstätige | B74: 1.000 | C74: 275.398 | D74: 275.952 | E74: 274.119 | F74: 268.72 | G74: 280.379 | H74: 290.174 | I74: 291.388 | J74: 295.032
A75: Arbeitsstunden der Erwerbstätigen | B75: Mill. Stunden | C75: 414.271 | D75: 407.426 | E75: 401.276 | F75: 389.324 | G75: 382.102 | H75: 391.067 | I75: 390.085 | J75: 395.279
A76: BWS je Erwerbstätiger bzw. Erwerbs- tätigen | B76: EUR | C76: 31571 | D76: 34494 | E76: 38871 | F76: 46084 | G76: 51154 | H76: 58438 | I76: 60622 | J76: 63683
A77: Deutschland = 100 | C77: 88.944922 | D77: 90.419146 | E77: 94.992669 | F77: 100.60691 | G77: 102.15885 | H77: 102.28772 | I77: 102.39165 | J77: 102.14285
A78: BWS je Erwerbstätigenstunde | B78: EUR | C78: 20.99 | D78: 23.36 | E78: 26.55 | F78: 31.81 | G78: 37.54 | H78: 43.36 | I78: 45.28 | J78: 47.53
A79: Deutschland = 100 | C79: 79.658444 | D79: 81.393728 | E79: 87.134887 | F79: 91.856772 | G79: 93.61596 | H79: 95.213 | I79: 96.054306 | J79: 95.768688
A80: Arbeitnehmerinnen und Arbeitnehmer | B80: 1.000 | C80: 265.168 | D80: 258.258 | E80: 256.071 | F80: 250.012 | G80: 263.182 | H80: 274.357 | I80: 276.981 | J80: 280.429
A81: Arbeitsstunden der Arbeitnehmerinnen und Arbeitnehmer | B81: Mill. Stunden | C81: 393.396 | D81: 373.514 | E81: 369.016 | F81: 356.611 | G81: 355.81 | H81: 365.986 | I81: 367.419 | J81: 372.74
A82: Arbeitnehmerentgelt (Inland) | B82: Mill. EUR | C82: 6718.726 | D82: 7228.023 | E82: 7912.158 | F82: 9345.519 | G82: 11509.896 | H82: 13400.156 | I82: 14083.579 | J82: 15049.791
A83: Lohnkosten je Arbeitnehmerin bzw. Arbeitnehmer | B83: EUR | C83: 25338 | D83: 27988 | E83: 30898 | F83: 37380 | G83: 43734 | H83: 48842 | I83: 50847 | J83: 53667
A84: Deutschland = 100 | C84: 88.064785 | D84: 92.887724 | E84: 94.703611 | F84: 101.11995 | G84: 102.90353 | H84: 103.6721 | I84: 103.25522 | J84: 102.57258
A85: Lohnkosten je Arbeitnehmerstunde | B85: EUR | C85: 17.08 | D85: 19.35 | E85: 21.44 | F85: 26.21 | G85: 32.35 | H85: 36.61 | I85: 38.33 | J85: 40.38
A86: Deutschland = 100 | C86: 77.495463 | D86: 82.869379 | E86: 86.104418 | F86: 91.675411 | G86: 93.876959 | H86: 96.139706 | I86: 96.573444 | J86: 95.914489
A87: Bruttolöhne und -gehälter (Inland) | B87: Mill. EUR | C87: 5454.491 | D87: 5828.46 | E87: 6335.048 | F87: 7512.181 | G87: 9277.134 | H87: 10810.073 | I87: 11364.804 | J87: 12097.592
A88: Verdienst je Arbeitnehmerin bzw. Arbeitnehmer | B88: EUR | C88: 20570 | D88: 22568 | E88: 24739 | F88: 30047 | G88: 35250 | H88: 39401 | I88: 41031 | J88: 43140
A89: Deutschland = 100 | C89: 89.67261 | D89: 94.474213 | E89: 95.657722 | F89: 101.9026 | G89: 103.81999 | H89: 104.47591 | I89: 104.08676 | J89: 103.38877
A90: Verdienst je Arbeitnehmerstunde | B90: EUR | C90: 13.87 | D90: 15.6 | E90: 17.17 | F90: 21.07 | G90: 26.07 | H90: 29.54 | I90: 30.93 | J90: 32.46
A91: Deutschland = 100 | C91: 78.896473 | D91: 84.233261 | E91: 86.98075 | F91: 92.412281 | G91: 94.696695 | H91: 96.91601 | I91: 97.355996 | J91: 96.693476

Sheet 12.2
A1: Link zum Inhaltsverzeichnis
A2: 12.2 Gesamtwirtschaftliche Verteilungsaggregate im Überblick und Zeitvergleich
A4: Merkmal | B4: Einheit | C4: 2000 | D4: 2005 | E4: 2010 | F4: 2015 | G4: 2020 | H4: 2022 | I4: 2023 | J4: 2024
A5: Bruttoinlandsprodukt | B5: Mill. EUR | C5: 29683.589 | D5: 31077.378 | E5: 35348.564 | F5: 40746.634 | G5: 47252.657 | H5: 56284.123 | I5: 59190.321 | J5: 60845.087
A6: Anteil an Deutschland | B6: % | C6: 1.3938182 | D6: 1.3362534 | E6: 1.3516271 | F6: 1.31993 | G6: 1.3693565 | H6: 1.4108453 | I6: 1.4028436 | J6: 1.4055327
A7: Veränderung gegenüber dem Vorjahr | B7: % | C7: 0.81953861 | D7: 0.39897746 | E7: 2.787486 | F7: 1.8011345 | G7: -2.0757936 | H7: 12.205665 | I7: 5.1634419 | J7: 2.7956699
A8: je Einwohnerin bzw. Einwohner | B8: EUR | C8: 16770 | D8: 18350 | E8: 21821 | F8: 25624 | G8: 30184 | H8: 35925 | I8: 37532 | J8: 38612
A9: Deutschland = 100 | C9: 64.142283 | D9: 64.174302 | E9: 66.986953 | F9: 67.522201 | G9: 71.83759 | H9: 74.318873 | I9: 74.086064 | J9: 74.491646
A10: Bruttonationaleinkommen | B10: Mill. EUR | C10: 29999.816 | D10: 33236.032 | E10: 38850.08 | F10: 44712.461 | G10: 51990.486 | H10: 61373.628 | I10: 63481.734 | J10: 65714.304
A11: Anteil an Deutschland | B11: % | C11: 1.4170977 | D11: 1.4174871 | E11: 1.45627 | F11: 1.4203843 | G11: 1.4693277 | H11: 1.4937743 | I11: 1.4573448 | J11: 1.4674592
A12: Veränderung gegenüber dem Vorjahr | B12: % | C12: 3.599622 | D12: 1.1130056 | E12: 3.0499459 | F12: 2.7851802 | G12: -1.4942439 | H12: 10.990013 | I12: 3.4348727 | J12: 3.5168699
A13: je Einwohnerin bzw. Einwohner | B13: EUR | C13: 16949 | D13: 19624 | E13: 23983 | F13: 28118 | G13: 33211 | H13: 39173 | I13: 40254 | J13: 41702
A14: Deutschland = 100 | C14: 65.216053 | D14: 68.075069 | E14: 72.174907 | F14: 72.660086 | G14: 77.082511 | H14: 78.685923 | I14: 76.966024 | J14: 77.774669
A15: Nettonationaleinkommen | B15: Mill. EUR | C15: 24396.207 | D15: 26890.235 | E15: 31240.804 | F15: 35940.941 | G15: 41118.641 | H15: 48094.849 | I15: 49111.139 | J15: 50751.302
A16: Anteil an Deutschland | B16: % | C16: 1.3871096 | D16: 1.3792559 | E16: 1.4180152 | F16: 1.3808939 | G16: 1.4317539 | H16: 1.4526032 | I16: 1.4039231 | J16: 1.41379
A17: Veränderung gegenüber dem Vorjahr | B17: % | C17: 2.7777953 | D17: 0.96256394 | E17: 3.2677723 | F17: 2.8376703 | G17: -2.8680181 | H17: 10.246878 | I17: 2.1130953 | J17: 3.3396965
A18: je Einwohnerin bzw. Einwohner | B18: EUR | C18: 13783 | D18: 15878 | E18: 19285 | F18: 22602 | G18: 26266 | H18: 30698 | I18: 31141 | J18: 32206
A19: Deutschland = 100 | C19: 63.833827 | D19: 66.241135 | E19: 70.27549 | F19: 70.64008 | G19: 75.112242 | H19: 76.519268 | I19: 74.143473 | J19: 74.92904
A20: Volkseinkommen | B20: Mill. EUR | C20: 22227.557 | D20: 24227.114 | E20: 27925.942 | F20: 32213.075 | G20: 37949.607 | H20: 43231.174 | I20: 45238.221 | J20: 45827.833
A21: Anteil an Deutschland | B21: % | C21: 1.4249037 | D21: 1.3984243 | E21: 1.4323684 | F21: 1.4027519 | G21: 1.4627593 | H21: 1.4720664 | I21: 1.4351003 | J21: 1.4320477
A22: Veränderung gegenüber dem Vorjahr | B22: % | C22: 2.2470982 | D22: 0.30940214 | E22: 3.8389055 | F22: 3.124139 | G22: -0.45371542 | H22: 6.8388105 | I22: 4.6425919 | J22: 1.3033492
A23: je Einwohnerin bzw. Einwohner | B23: EUR | C23: 12558 | D23: 14305 | E23: 17239 | F23: 20258 | G23: 24242 | H23: 27593 | I23: 28685 | J23: 29082
A24: Deutschland = 100 | C24: 65.577023 | D24: 67.159624 | E24: 70.989129 | F24: 71.760538 | G24: 76.739475 | H24: 77.541099 | I24: 75.790002 | J24: 75.896446
A26: Grafik 12.11 | L26: Daten der Grafik 12.11 "Bestandteile des Volkseinkommens im Zeitvergleich"
L27: Jahr | M27: Arbeitnehmerentgelt der Inländer in Mill. EUR | N27: Unternehmens- und Vermögenseinkommen in Mill. EUR
L28: 1991 | M28: 11108.12 | N28: 1544
L29: 1992 | M29: 12639.223 | N29: 2611
L30: 1993 | M30: 14047.026 | N30: 3080
L31: 1994 | M31: 15442.031 | N31: 3744
L32: 1995 | M32: 16743.049 | N32: 3863
L33: 1996 | M33: 16963.891 | N33: 3998
L34: 1997 | M34: 16863.474 | N34: 4359
L35: 1998 | M35: 17065.203 | N35: 4410
L36: 1999 | M36: 17634.102 | N36: 4105
L37: 2000 | M37: 18052.678 | N37: 4175
L38: 2001 | M38: 18074.323 | N38: 4764
L39: 2002 | M39: 18075.724 | N39: 5237
... L61: 2024 | M61: 34609.156 | N61: 11219

Sheet 12.3
A1: Link zum Inhaltsverzeichnis
A2: 12.3 Einkommen der privaten Haushalte und deren Verwendung im Zeitvergleich
B4: Merkmal | C4: Einheit | D4: 2000 | E4: 2005 | F4: 2010 | G4: 2015 | H4: 2020 | I4: 2023 | J4: 2024
B5: Empfangenes Arbeitnehmerentgelt | C5: Mill. EUR | D5: 18052.678 | E5: 17949.079 | F5: 20309.784 | G5: 23509.561 | H5: 28140.374 | I5: 32924.929 | J5: 34609.156
A6: + | B6: Betriebsüberschuss, Selbstständigeneinkommen | C6: Mill. EUR | D6: 2806.981 | E6: 2969.845 | F6: 3240.252 | G6: 3393.496 | H6: 4028.93 | I6: 3529.937 | J6: 3360.54
A7: + | B7: Empfangene minus geleistete Vermögens- einkommen | C7: Mill. EUR | D7: 1860.014 | E7: 3146.755 | F7: 3362.56 | G7: 3697.238 | H7: 3575.288 | I7: 5401.798 | J7: 5245.884
A8: = | B8: Primäreinkommen | C8: Mill. EUR | D8: 22719.673 | E8: 24065.679 | F8: 26912.596 | G8: 30600.295 | H8: 35744.592 | I8: 41856.664 | J8: 43215.58
A9: + | B9: Empfangene monetäre Sozialleistungen | C9: Mill. EUR | D9: 9388.535 | E9: 10051.354 | F9: 10420.068 | G9: 11540.346 | H9: 14810.798 | I9: 17025.803 | J9: 18122.637
B10: darunter für
B11: Alters- und Hinterbliebenenversorgung | C11: Mill. EUR | D11: 5232.694 | E11: 5812.077 | F11: 6242.641 | G11: 7319.443 | H11: 9551.749 | I11: 10973.748 | J11: 11623.791
B12: Arbeitslosigkeit, Sozialhilfe | C12: Mill. EUR | D12: 2475.061 | E12: 2469.362 | F12: 1861.089 | G12: 1569.353 | H12: 1679.377 | I12: 1815.328 | J12: 2077.317
A13: + | B13: Empfangene sonstige laufende Transfers | C13: Mill. EUR | D13: 1588.377 | E13: 1700.131 | F13: 1626.306 | G13: 1826.612 | H13: 2266.612 | I13: 2513.499 | J13: 2628.82
A14: ./. | B14: Geleistete Einkommen- und Vermögen- steuern | C14: Mill. EUR | D14: 2234.405 | E14: 2162.388 | F14: 2692.117 | G14: 3569.095 | H14: 4316.466 | I14: 5058.48 | J14: 5346.922
A15: ./. | B15: Geleistete Nettosozialbeiträge | C15: Mill. EUR | D15: 7894.252 | E15: 7655.439 | F15: 8646.933 | G15: 9702.167 | H15: 11527.463 | I15: 13565.291 | J15: 14246.948
A16: ./. | B16: Geleistete sonstige laufende Transfers | C16: Mill. EUR | D16: 1368.098 | E16: 1457.676 | F16: 1287.827 | G16: 1438.616 | H16: 1677.33 | I16: 1851.242 | J16: 1963.11
A17: = | B17: Verfügbares Einkommen | C17: Mill. EUR | D17: 22199.83 | E17: 24541.653 | F17: 26332.093 | G17: 29257.375 | H17: 35300.743 | I17: 40920.953 | J17: 42410.057
B18: darunter
B19: Verwendung als Konsumausgaben | C19: Mill. EUR | D19: 20853.194 | E19: 22874.366 | F19: 24830.93 | G19: 27907.779 | H19: 31557.701 | I19: 38747.083 | J19: 39758.402
B20: Sparen | C20: Mill. EUR | D20: 1516.665 | E20: 1924.988 | F20: 1981.854 | G20: 1921.262 | H20: 4356.362 | I20: 2828.787 | J20: 3308.604
B21: Sparquote | C21: % | D21: 6.7799489 | E21: 7.7622506 | F21: 7.3914518 | G21: 6.4409111 | H21: 12.129961 | I21: 6.8039153 | J21: 7.6824565
B22: Primäreinkommen je Einwohnerin bzw. Einwohner | C22: EUR | D22: 12836 | E22: 14210 | F22: 16614 | G22: 19243 | H22: 22833 | I22: 26541 | J22: 27424
B23: Deutschland = 100 | D23: 67.408886 | E23: 69.155149 | F23: 72.087473 | G23: 72.494726 | H23: 77.057811 | I23: 75.989922 | J23: 75.765278
B24: Verfügbares Einkommen je Einwohnerin bzw. Einwohner | C24: EUR | D24: 12542 | E24: 14491 | F24: 16255 | G24: 18399 | H24: 22550 | I24: 25948 | J24: 26913
B25: Deutschland = 100 | D25: 78.731952 | E25: 80.545828 | F25: 82.667955 | G25: 83.967689 | H25: 91.351023 | I25: 89.475862 | J25: 89.50414
B26: Konsumausgaben je Einwohnerin bzw. Einwohner | C26: EUR | D26: 11781 | E26: 13506 | F26: 15329 | G26: 17550 | H26: 20159 | I26: 24569 | J26: 25230
B27: Deutschland = 100 | D27: 79.849532 | E27: 82.318523 | F27: 84.355052 | G27: 86.508602 | H27: 94.66986 | I27: 92.236363 | J27: 92.29925
B28: Sparen je Einwohnerin bzw. Einwohner | C28: EUR | D28: 857 | E28: 1137 | F28: 1223 | G28: 1208 | H28: 2783 | I28: 1794 | J28: 2100
B29: Deutschland = 100 | D29: 55.006418 | E29: 58.911917 | F29: 58.488761 | G29: 52.544585 | H29: 68.445647 | I29: 58.039469 | J29: 60.606061
A31: Grafik 12.12 | L31: Daten der Grafik 12.12 "Struktur der Primäreinkommen in Mecklenburg-Vorpommern und in Deutschland im Zeitvergleich"
L32: Ort/Jahr | M32: Betriebsüberschuss/Selbstständigeneinkommen in % (Struktur Primäreinkommen insgsamt = 100 %) | N32: Empfangenes Arbeitnehmerentgelt in % (Struktur Primäreinkommen insgsamt = 100 %) | O32: Empfangene minus geleistete Vermögenseinkommen in % (Struktur Primäreinkommen insgsamt = 100 %)
L33: Mecklenburg-Vorpommern 1991 | M33: 6.1679058 | N33: 87.4327 | O33: 6.3993937
L34: Mecklenburg-Vorpommern 2000 | M34: 12.354848 | N34: 79.458353 | O34: 8.1867992
L35: Mecklenburg-Vorpommern 2010 | M35: 12.039909 | N35: 75.465719 | O35: 12.494373
L36: Mecklenburg-Vorpommern 2020 | M36: 11.271439 | N36: 78.726242 | O36: 10.002319
L37: Mecklenburg-Vorpommern 2024 | M37: 7.7762233 | N37: 80.084905 | O37: 12.138872
L38: Deutschland 1991 | M38: 13.771146 | N38: 72.444565 | O38: 13.78429
L39: Deutschland 2000 | M39: 13.205954 | N39: 72.957383 | O39: 13.836663
L40: Deutschland 2010 | M40: 11.212754 | N40: 71.36885 | O40: 17.418396
L41: Deutschland 2020 | M41: 9.3218222 | N41: 78.069269 | O41: 12.608909
L42: Deutschland 2024 | M42: 6.697098 | N42: 77.99748 | O42: 15.305422

Sheet 12.4
A1: Link zum Inhaltsverzeichnis
A2: 12.4 Verwendung des Bruttoinlandsprodukts im Zeitvergleich
A4: Merkmal | B4: Einheit | C4: 2000 | D4: 2005 | E4: 2010 | F4: 2015 | G4: 2020 | H4: 2022 | I4: 2023 | J4: 2024
A5: Bruttoinlandsprodukt | B5: Mill. EUR | C5: 29683.589 | D5: 31077.378 | E5: 35348.564 | F5: 40746.634 | G5: 47252.657 | H5: 56284.123 | I5: 59190.321 | J5: 60845.087
A6: Anteil an Deutschland | B6: % | C6: 1.3938182 | D6: 1.3362534 | E6: 1.3516271 | F6: 1.31993 | G6: 1.3693565 | H6: 1.4108453 | I6: 1.4028436 | J6: 1.4055327
A7: preisbereinigte Veränderung gegen- über dem Vorjahr | B7: % | C7: 0.13139599 | D7: -0.27761303 | E7: 0.72037618 | F7: 0.56932647 | G7: -3.8330394 | H7: 2.7685377 | I7: -1.3620342 | J7: -0.34732537
A8: je Einwohnerin bzw. Einwohner | B8: EUR | C8: 16770 | D8: 18350 | E8: 21821 | F8: 25624 | G8: 30184 | H8: 35925 | I8: 37532 | J8: 38612
A9: Private Konsumausgaben | B9: Mill. EUR | C9: 20853.194 | D9: 22874.366 | E9: 24830.93 | F9: 27907.779 | G9: 31557.701 | H9: 37610.554 | I9: 38747.083 | J9: 39758.402
A10: Anteil an Deutschland | B10: % | C10: 1.7351432 | D10: 1.714138 | E10: 1.7019971 | F10: 1.6910669 | G10: 1.8045666 | H10: 1.7960856 | I10: 1.7465355 | J10: 1.7415271
A11: preisbereinigte Veränderung gegen- über dem Vorjahr | B11: % | C11: 3.5919011 | D11: 0.28970149 | E11: -1.2066774 | F11: 2.220965 | G11: -3.8988439 | H11: 5.841782 | I11: -3.7900372 | J11: 0.48346607
A12: Anteil am Bruttoinlandsprodukt | B12: % | C12: 70.251593 | D12: 73.604556 | E12: 70.245937 | F12: 68.491005 | G12: 66.78503 | H12: 66.82267 | I12: 65.461857 | J12: 65.343652
A13: je Einwohnerin bzw. Einwohner | B13: EUR | C13: 11781 | D13: 13506 | E13: 15329 | F13: 17550 | G13: 20159 | H13: 24006 | I13: 24569 | J13: 25230
A14: Konsumausgaben des Staates | B14: Mill. EUR | C14: 9251.49 | D14: 9552.605 | E14: 10414.963 | F14: 11961.62 | G14: 14458.886 | H14: 16275.049 | I14: 16880.053 | J14: .
A15: Anteil an Deutschland | B15: % | C15: 2.234843 | D15: 2.1694392 | E15: 2.0340851 | F15: 1.9740536 | G15: 1.8801092 | H15: 1.8745521 | I15: 1.864783 | J15: .
A16: preisbereinigte Veränderung gegen- über dem Vorjahr | B16: % | C16: 0.58007048 | D16: 0.091519142 | E16: -0.4406959 | F16: 2.1392198 | G16: 4.6501697 | H16: 0.85952274 | I16: -0.6983512 | J16: .
A17: Anteil am Bruttoinlandsprodukt | B17: % | C17: 31.16702 | D17: 30.73813 | E17: 29.46361 | F17: 29.356094 | G17: 30.599096 | H17: 28.915879 | I17: 28.518266 | J17: .
A18: je Einwohnerin bzw. Einwohner | B18: EUR | C18: 5227 | D18: 5640 | E18: 6429 | F18: 7522 | G18: 9236 | H18: 10388 | I18: 10704 | J18: .
A19: Bruttoanlageinvestitionen | B19: Mill. EUR | C19: 10323.912 | D19: 8219.039 | E19: 7722.701 | F19: 8853.915 | G19: 12169.033 | H19: 14171.605 | I19: 13049.281 | J19: .
A20: Anteil an Deutschland | B20: % | C20: 2.1184686 | D20: 1.8833469 | E20: 1.5390979 | F20: 1.4523686 | G20: 1.6523326 | H20: 1.6445147 | I20: 1.4594177 | J20: .
A21: preisbereinigte Veränderung gegen- über dem Vorjahr | B21: % | C21: -5.3308965 | D21: 7.1289666 | E21: 8.0691932 | F21: 2.653011 | G21: -6.0627436 | H21: 16.32999 | I21: -13.072323 | J21: .
A22: Anteil am Bruttoinlandsprodukt | B22: % | C22: 34.779864 | D22: 26.447016 | E22: 21.847284 | F22: 21.729194 | G22: 25.753119 | H22: 25.17869 | I22: 22.046309 | J22: .
A23: je Einwohnerin bzw. Einwohner | B23: EUR | C23: 5833 | D23: 4853 | E23: 4767 | F23: 5568 | G23: 7773 | H23: 9045 | I23: 8275 | J23: .
A25: Grafik 12.13 | L25: Daten der Grafik 12.13 "Verwendung des Bruttoinlandsprodukt im Zeitvergleich (in jeweiligen Preisen)"
L26: Jahr | M26: Bruttoanlageinvestitionen in Mill. EUR | N26: Konsumausgaben des Staates in Mill. EUR | O26: Konsumausgaben der privaten Haushalte in Mill. EUR | P26: Bruttoinlandsprodukt in Mill. EUR
L27: 1991 | M27: 7092.679 | N27: 5603.27 | O27: 12011.635 | P27: 14440.767
L28: 1992 | M28: 10872.2 | N28: 6578.422 | O28: 14169.106 | P28: 17809.533
L29: 1993 | M29: 12726.392 | N29: 7457.826 | O29: 15968.803 | P29: 21345.852
L30: 1994 | M30: 14087.157 | N30: 8169.163 | O30: 17057.441 | P30: 24719.452
L31: 1995 | M31: 14666.394 | N31: 8627.679 | O31: 17930.177 | P31: 26942.205
L32: 1996 | M32: 13296.68 | N32: 8869.147 | O32: 18475.262 | P32: 27909.549
L33: 1997 | M33: 12257.396 | N33: 8788.565 | O33: 18907.47 | P33: 28337.252
L34: 1998 | M34: 11429.42 | N34: 8867.941 | O34: 19089.122 | P34: 28494.751
L35: 1999 | M35: 10834.144 | N35: 9235.257 | O35: 20030.34 | P35: 29442.298
L36: 2000 | M36: 10323.912 | N36: 9251.49 | O36: 20853.194 | P36: 29683.589
L37: 2001 | M37: 8956.433 | N37: 9437.873 | O37: 21387.762 | P37: 30154.07
L38: 2002 | M38: 7866.371 | N38: 9548.665 | O38: 22055.932 | P38: 30337.249
... L59: 2023 | M59: 13049.281 | N59: 16880.053 | O59: 38747.083 | P59: 59190.321

Sheet 12.5
A1: Link zum Inhaltsverzeichnis
A2: 12.5 Gesamtwirtschaftliche Kenngrößen 2023 nach Kreisen
A4: Merkmal | B4: Einheit | C4: Mecklen- burg-Vor- pommern | D4: Kreisfreie Stadt Rostock | E4: Kreisfreie Stadt Schwerin | F4: Mecklen- burgische Seenplatte | G4: Land- kreis Rostock | H4: Vorpom- mern- Rügen | I4: Nordwest- mecklen- burg | J4: Vorpom- mern- Greifswald | K4: Ludwigs- lust- Parchim
A5: Bruttoinlandsprodukt | B5: Mill. EUR | C5: 59168.232 | D5: 10373.829 | E5: 4952.59 | F5: 9424.135 | G5: 7326.64 | H5: 7399.588 | I5: 5012.622 | J5: 7912.866 | K5: 6765.956
A6: Bruttoinlandsprodukt je Erwerbstätiger bzw. Erwerbstätigen | B6: EUR | C6: 77607 | D6: 84268 | E6: 74683 | F6: 77781 | G6: 77521 | H6: 73739 | I6: 82134 | J6: 71891 | K6: 78793
A7: Deutschland = 100 | B7: 90968 | C7: 85.312418 | D7: 92.634773 | E7: 82.0981 | F7: 85.503694 | G7: 85.217879 | H7: 81.060373 | I7: 90.288893 | J7: 79.028889 | K7: 86.616173
A8: Bruttoinlandsprodukt je Einwohnerin bzw. Einwohner | B8: EUR | C8: 36324 | D8: 49315 | E8: 50196 | F8: 36325 | G8: 33134 | H8: 32495 | I8: 31281 | J8: 33350 | K8: 31601
A9: Deutschland = 100 | C9: 73.344775 | D9: 99.575972 | E9: 101.35487 | F9: 73.346795 | G9: 66.903584 | H9: 65.613327 | I9: 63.162039 | J9: 67.339727 | K9: 63.808178
A10: Bruttowertschöpfung | B10: Mill. EUR | C10: 54012.776 | D10: 9469.935 | E10: 4521.06 | F10: 8602.99 | G10: 6688.254 | H10: 6754.846 | I10: 4575.861 | J10: 7223.401 | K10: 6176.424
A11: davon
A12: Land- und Forstwirtschaft, Fischerei | B12: Mill. EUR | C12: 1759.373 | D12: / | E12: / | F12: 336.976 | G12: 310.906 | H12: 313.974 | I12: 177.149 | J12: 241.535 | K12: 374.702
A13: Produzierendes Gewerbe | B13: Mill. EUR | C13: 13784.754 | D13: 1893.413 | E13: 785.588 | F13: 2431.95 | G13: 1895.378 | H13: 1307.436 | I13: 1754.967 | J13: 1496.412 | K13: 2219.607
A14: Dienstleistungsbereiche | B14: Mill. EUR | C14: 38468.649 | D14: 7573.892 | E14: 3733.971 | F14: 5834.064 | G14: 4481.97 | H14: 5133.436 | I14: 2643.745 | J14: 5485.454 | K14: 3582.115
A15: Erwerbstätige | B15: 1.000 | C15: 762.411 | D15: 123.105 | E15: 66.315 | F15: 121.163 | G15: 94.512 | H15: 100.348 | I15: 61.03 | J15: 110.068 | K15: 85.87
A16: davon
A17: Land- und Forstwirtschaft, Fischerei | B17: 1.000 | C17: 22.106 | D17: / | E17: / | F17: 4.23 | G17: 4.195 | H17: 3.052 | I17: 2.387 | J17: 3.083 | K17: 5.04
A18: Produzierendes Gewerbe | B18: 1.000 | C18: 146.158 | D18: 16.166 | E18: 9.081 | F18: 24.586 | G18: 20.616 | H18: 14.565 | I18: 17.867 | J18: 17.001 | K18: 26.276
A19: Dienstleistungsbereiche | B19: 1.000 | C19: 594.147 | D19: 106.865 | E19: 57.189 | F19: 92.347 | G19: 69.701 | H19: 82.731 | I19: 40.776 | J19: 89.984 | K19: 54.554
A20: Bruttolöhne und -gehälter | B20: Mill. EUR | C20: 25476.152 | D20: 4587.607 | E20: 2503.242 | F20: 3995.147 | G20: 2972.791 | H20: 3149.657 | I20: 1992.7 | J20: 3564.827 | K20: 2710.186
A21: Verdienst je Arbeitnehme- rin bzw. Arbeitnehmer | B21: EUR | C21: 36830 | D21: 39829 | E21: 40329 | F21: 36416 | G21: 35288 | H21: 35305 | I21: 36566 | J21: 35686 | K21: 35232
A22: Deutschland = 100 | C22: 84.325488 | D22: 91.191959 | E22: 92.336752 | F22: 83.377599 | G22: 80.794945 | H22: 80.833868 | I22: 83.721037 | J22: 81.7062 | K22: 80.666728
A23: und zwar
A24: Land- und Forstwirtschaft, Fischerei | B24: EUR | C24: 26578 | D24: / | E24: / | F24: 26528 | G24: 26019 | H24: 27385 | I24: 26599 | J24: 25874 | K24: 27028
A25: Deutschland = 100 | C25: 115.61181 | D25: / | E25: / | F25: 115.39432 | G25: 113.18022 | H25: 119.12219 | I25: 115.70316 | J25: 112.54948 | K25: 117.56927
A26: Produzierendes Gewerbe | B26: EUR | C26: 41151 | D26: 48054 | E26: 44224 | F26: 40594 | G26: 37053 | H26: 38541 | I26: 44944 | J26: 39389 | K26: 39189
A27: Deutschland = 100 | C27: 77.649257 | D27: 90.674768 | E27: 83.447807 | F27: 76.598234 | G27: 69.916597 | H27: 72.724357 | I27: 84.8064 | J27: 74.324477 | K27: 73.94709
A28: Dienstleistungsbereiche | B28: EUR | C28: 36125 | D28: 38599 | E28: 39738 | F28: 35714 | G28: 35286 | H28: 35020 | I28: 33361 | J28: 35298 | K28: 34028
A29: Deutschland = 100 | C29: 88.25182 | D29: 94.295696 | E29: 97.078223 | F29: 87.247765 | G29: 86.202179 | H29: 85.552353 | I29: 81.499487 | J29: 86.231495 | K29: 83.128939

Sheet 12.6
A1: Link zum Inhaltsverzeichnis
A2: 12.6 Einkommen der privaten Haushalte 2023 nach Kreisen
A4: Merkmal | B4: Einheit | C4: Mecklen- burg-Vor- pommern | D4: Kreisfreie Stadt Rostock | E4: Kreisfreie Stadt Schwerin | F4: Mecklen- burgische Seenplatte | G4: Land- kreis Rostock | H4: Vorpom- mern- Rügen | I4: Nordwest- mecklen- burg | J4: Vorpom- mern- Greifswald | K4: Ludwigs- lust- Parchim
A5: Primäreinkommen der privaten Haushalte | B5: Mill. EUR | C5: 42295.843 | D5: 5434.187 | E5: 2541.155 | F5: 6385.478 | G5: 6261.343 | H5: 5640.828 | I5: 4289.197 | J5: 5635.072 | K5: 6108.582
A6: Primäreinkommen je Einwohnerin bzw. Einwohner | B6: EUR | C6: 25966 | D6: 25833 | E6: 25755 | F6: 24613 | G6: 28317 | H6: 24771 | I6: 26766 | J6: 23750 | K6: 28530
A7: Deutschland = 100 | C7: 75.768894 | D7: 75.3808 | E7: 75.153195 | F7: 71.820835 | G7: 82.629122 | H7: 72.281879 | I7: 78.103297 | J7: 69.302597 | K7: 83.250657
A8: Verfügbares Einkommen der privaten Haushalte | B8: Mill. EUR | C8: 41245.29 | D8: 5044.146 | E8: 2401.31 | F8: 6505.013 | G8: 5923.586 | H8: 5741.043 | I8: 4072.48 | J8: 5717.854 | K8: 5839.857
A9: darunter
A10: empfangene Sozial- leistungen | B10: % | C10: 40.741973 | D10: 41.425446 | E10: 45.529565 | F10: 43.441404 | G10: 37.046698 | H10: 42.58444 | I10: 38.789927 | J10: 43.041113 | K10: 36.223233
A11: Verfügbares Einkommen je Einwohnerin bzw. Einwohner | B11: EUR | C11: 25321 | D11: 23979 | E11: 24338 | F11: 25073 | G11: 26789 | H11: 25212 | I11: 25414 | J11: 24099 | K11: 27275
A12: Deutschland = 100 | C12: 88.995501 | D12: 84.278785 | E12: 85.54056 | F12: 88.123858 | G12: 94.155068 | H12: 88.6124 | I12: 89.322367 | J12: 84.700548 | K12: 95.863208
A14: Grafik 12.14 | M14: Daten der Grafik 12.14 "Verfügbares Einkommen je Einwohner 2023 nach Kreisen"
M15: Kreise | N15: EUR je Einwohner
M16: Rostock | N16: =D11 -> 23979
M17: Schwerin | N17: =E11 -> 24338
M18: Mecklenburgische Seenplatte | N18: =F11 -> 25073
M19: Landkreis Rostock | N19: =G11 -> 26789
M20: Vorpommern-Rügen | N20: =H11 -> 25212
M21: Nordwestmecklenburg | N21: =I11 -> 25414
M22: Vorpommern-Greifswald | N22: =J11 -> 24099
M23: Ludwigslust-Parchim | N23: =K11 -> 27275
M24: Mecklenburg-Vorpommern | N24: =C11 -> 25321
M25: Nachrichtlich: Deutschland | N25: ='12.9+12.10'!C29 -> 30069

Sheet 12.7
A1: Link zum Inhaltsverzeichnis
A2: 12.7 Bruttoinlandsprodukt und Bruttowertschöpfung in jeweiligen Preisen 2025
A3: im Ländervergleich
A5: Land | B5: Bruttoinlands- produkt in Mill. EUR | C5: Bruttowertschöp- fung der Wirtschaft in Mill. EUR | D5: Anteil der Land- und Forstwirtschaft, Fischerei an der Bruttowert- schöpfung in % | E5: Anteil des Produzierendes Gewerbes an der Bruttowert- schöpfung in % | F5: Anteil der Dienstleistungs- bereiche an der Bruttowert- schöpfung in %
A6: Deutschland | B6: 4469910 | C6: 4044817 | D6: 0.96301019 | E6: 27.802889 | F6: 71.2341
A7: Baden-Württemberg | B7: 667104.75 | C7: 603662.4 | D7: 0.53903291 | E7: 36.672856 | F7: 62.788111
A8: Bayern | B8: 824243.23 | C8: 745856.86 | D8: 0.9225368 | E8: 30.974507 | F8: 68.102956
A9: Berlin | B9: 218287.93 | C9: 197528.53 | D9: 0.0025378613 | E9: 13.188721 | F9: 86.808741
A10: Brandenburg | B10: 104100.33 | C10: 94200.286 | D10: 1.635374 | E10: 26.652389 | F10: 71.712237
A11: Bremen | B11: 43011.359 | C11: 38920.935 | D11: 0.046666402 | E11: 26.804531 | F11: 73.148803
A12: Hamburg | B12: 168300.3 | C12: 152294.77 | D12: 0.068068652 | E12: 17.940391 | F12: 81.99154
A13: Hessen | B13: 382411.12 | C13: 346043.43 | D13: 0.31829675 | E13: 21.172024 | F13: 78.509679
A14: Mecklenburg-Vorpommern | B14: 63585.211 | C14: 57538.193 | D14: 2.8855251 | E14: 24.368282 | F14: 72.746193
A15: Niedersachsen | B15: 399397.01 | C15: 361413.95 | D15: 2.398009 | E15: 30.882102 | F15: 66.719889
A16: Nordrhein-Westfalen | B16: 909410.81 | C16: 822924.92 | D16: 0.66299293 | E16: 24.835687 | F16: 74.50132
A17: Rheinland-Pfalz | B17: 185270.24 | C17: 167650.85 | D17: 1.4188875 | E17: 29.590155 | F17: 68.990957
... A22: Thüringen | B22: 80638.538 | C22: 72969.731 | D22: 2.3326165 | E22: 31.691887 | F22: 65.975496
A24: Grafik 12.15 | H24: Daten der Grafik 12.15 "Anteil des Verarbeitenden Gewerbes an der Bruttowertschöpfung der Wirtschaft 2025 im Ländervergleich"
H25: Bundesland | I25: Anteil in %
H26: Baden-Württemberg | I26: 29.685813
H27: Bayern | I27: 23.100903
H28: Berlin | I28: 6.5882337
H29: Brandenburg | I29: 12.504971
H30: Bremen | I30: 21.379083
H31: Hamburg | I31: 12.728288
H32: Hessen | I32: 14.916573
H33: Mecklenburg-Vorpommern | I33: 11.560867
H34: Niedersachsen | I34: 20.966513
H35: Nordrhein-Westfalen | I35: 16.503625
H36: Rheinland-Pfalz | I36: 20.171553
H37: Saarland | I37: 19.153974
... H42: Deutschland | I42: 19.464218

Sheet 12.8
A1: Link zum Inhaltsverzeichnis
A2: 12.8 Erwerbstätige und geleistete Arbeitsstunden im Inland 2025 im Ländervergleich
A4: Land | B4: Erwerbs- tätige in 1.000 | C4: Anteil der Erwerbstäti- gen der Land‑ und Forstwirt- schaft, Fischerei in % | D4: Anteil der Erwerbstäti- gen des Produzie- rendes Ge- werbes in % | E4: Anteil der Erwerbstäti- gen der Dienst- leistungs- bereiche in % | F4: Geleistete Arbeits- stunden in Mill. Stunden | G4: Anteil der geleisteten Arbeitsstun- den in der Land- und Forstwirt- schaft, Fischerei in % | H4: Anteil der geleisteten Arbeitsstun- den im Pro- duzierenden Gewerbe in % | I4: Anteil der geleisteten Arbeitsstun- den in den Dienst- leistungs- bereichen in %
A5: Deutschland | B5: 45982 | C5: 1.2222174 | D5: 22.832848 | E5: 75.944935 | F5: 61259.134 | G5: 1.511275 | H5: 24.52155 | I5: 73.967175
A6: Baden-Württemberg | B6: 6413.179 | C6: 0.99390645 | D6: 29.131543 | E6: 69.874551 | F6: 8508.957 | G6: 1.2381659 | H6: 31.043064 | I6: 67.71877
A7: Bayern | B7: 7874.68 | C7: 1.4089461 | D7: 25.893852 | E7: 72.697202 | F7: 10426.516 | G7: 1.8586362 | H7: 27.57013 | I7: 70.571234
A8: Berlin | B8: 2193.77 | C8: 0.024068157 | D8: 10.633795 | E8: 89.342137 | F8: 2945.353 | G8: 0.024173673 | H8: 11.283911 | I8: 88.691916
A9: Brandenburg | B9: 1142.849 | C9: 2.1662529 | D9: 21.37229 | E9: 76.461457 | F9: 1560.903 | G9: 2.60061 | H9: 22.723065 | I9: 74.676325
A10: Bremen | B10: 446.215 | C10: 0.075300024 | D10: 17.445626 | E10: 82.479074 | F10: 594.768 | G10: 0.080199338 | H10: 18.779087 | I10: 81.140714
A11: Hamburg | B11: 1369.463 | C11: 0.13516247 | D11: 13.143035 | E11: 86.721803 | F11: 1879.442 | G11: 0.14557512 | H11: 13.833148 | I11: 86.021277
A12: Hessen | B12: 3621.421 | C12: 0.76735072 | D12: 19.176699 | E12: 80.05595 | F12: 4876.79 | G12: 0.97592884 | H12: 20.474964 | I12: 78.549107
A13: Mecklenburg-Vorpommern | B13: 750.624 | C13: 2.6263482 | D13: 18.384038 | E13: 78.989614 | F13: 1016.144 | G13: 3.0351013 | H13: 19.934773 | I13: 77.030126
A14: Niedersachsen | B14: 4240.469 | C14: 2.3720961 | D14: 23.693936 | E14: 73.933968 | F14: 5605.56 | G14: 3.013847 | H14: 25.804897 | I14: 71.181256
A15: Nordrhein-Westfalen | B15: 9839.352 | C15: 0.811588 | D15: 21.134186 | E15: 78.054226 | F15: 13017.655 | G15: 0.98191264 | H15: 23.056165 | I15: 75.961922
A16: Rheinland-Pfalz | B16: 2057.631 | C16: 1.6988955 | D16: 24.29007 | E16: 74.011035 | F16: 2708.268 | G16: 2.1010476 | H16: 26.522227 | I16: 71.376725
... A21: Thüringen | B21: 1003.952 | C21: 1.6327474 | D21: 28.396079 | E21: 69.971174 | F21: 1368.406 | G21: 1.7844119 | H21: 29.939872 | I21: 68.275716
A22: Darunter: Arbeitnehmerinnen und Arbeitnehmer
A23: Deutschland | B23: 42316 | C23: 0.836563 | D23: 23.343416 | E23: 75.820021 | F23: 54921.3 | G23: 0.8530734 | H23: 25.173042 | I23: 73.973884
A24: Baden-Württemberg | B24: 5924.402 | C24: 0.64860555 | D24: 30.042036 | E24: 69.309358 | F24: 7665.623 | G24: 0.64614448 | H24: 32.21442 | I24: 67.139435
A25: Bayern | B25: 7220.309 | C25: 0.68239462 | D25: 26.749991 | E25: 72.567614 | F25: 9279.218 | G25: 0.62266023 | H25: 28.715836 | I25: 70.661504
A26: Berlin | B26: 1992.593 | C26: 0.02439033 | D26: 10.794678 | E26: 89.180932 | F26: 2611.207 | G26: 0.023858698 | H26: 11.452635 | I26: 88.523507
A27: Brandenburg | B27: 1031.405 | C27: 1.9755576 | D27: 21.101992 | E27: 76.92245 | F27: 1367.151 | G27: 2.2921389 | H27: 22.389699 | I27: 75.318162
A28: Bremen | B28: 420.762 | C28: 0.060129004 | D28: 17.702407 | E28: 82.237464 | F28: 551.173 | G28: 0.053340784 | H28: 19.074592 | I28: 80.872067
A29: Hamburg | B29: 1266.852 | C29: 0.11248354 | D29: 13.600405 | E29: 86.287112 | F29: 1707.459 | G29: 0.10524411 | H29: 14.346757 | I29: 85.547999
A30: Hessen | B30: 3343.201 | C30: 0.48510395 | D30: 19.353249 | E30: 80.161647 | F30: 4396.706 | G30: 0.50214865 | H30: 20.594327 | I30: 78.903525
A31: Mecklenburg-Vorpommern | B31: 689.315 | C31: 2.5090126 | D31: 18.187621 | E31: 79.303366 | F31: 908.355 | G31: 2.832593 | H31: 19.75263 | I31: 77.414777
A32: Niedersachsen | B32: 3910.028 | C32: 1.5743621 | D32: 24.405094 | E32: 74.020544 | F32: 5024.359 | G32: 1.6494641 | H32: 26.823143 | I32: 71.527393
A33: Nordrhein-Westfalen | B33: 9101.93 | C33: 0.56410014 | D33: 21.526006 | E33: 77.909894 | F33: 11754.603 | G33: 0.55254099 | H33: 23.538251 | I33: 75.909208
A34: Rheinland-Pfalz | B34: 1881.678 | C34: 1.2814095 | D34: 24.907556 | E34: 73.811035 | F34: 2404.254 | G34: 1.3720264 | H34: 27.347194 | I34: 71.28078
... A39: Thüringen | B39: 920.757 | C39: 1.5769633 | D39: 28.669888 | E39: 69.753149 | F39: 1223.444 | G39: 1.6725735 | H39: 30.315732 | I39: 68.011695

Sheet 12.9+12.10
A1: Link zum Inhaltsverzeichnis
A2: 12.9 Gesamtwirtschaftliche Bruttolöhne und -gehälter je Arbeitnehmerin bzw. Arbeitnehmer (Verdienst) 2025
A3: im Ländervergleich
A5: Land | B5: Wirtschaft insgesamt in EUR je Arbeitnehmer/in und zwar... | C5: ...Land- und Forstwirt- schaft, Fischerei in EUR je Arbeitnehmer/in | D5: ...Produzierendes Gewerbe in EUR je Arbeitnehmer/in | E5: ...Dienstleistungs- bereiche in EUR je Arbeitnehmer/in
A6: Deutschland | B6: 48017 | C6: 24825 | D6: 57497 | E6: 45355
A7: Baden-Württemberg | B7: 50785 | C7: 21902 | D7: 63128 | E7: 45706
A8: Bayern | B8: 50920 | C8: 22828 | D8: 59964 | E8: 47851
A9: Berlin | B9: 52031 | C9: 22965 | D9: 54675 | E9: 51719
A10: Brandenburg | B10: 42157 | C10: 27137 | D10: 47504 | E10: 41076
A11: Bremen | B11: 48987 | C11: 21134 | D11: 64653 | E11: 45636
A12: Hamburg | B12: 57313 | C12: 21884 | D12: 70878 | E12: 55221
A13: Hessen | B13: 53251 | C13: 24038 | D13: 58841 | E13: 52078
A14: Mecklenburg-Vorpommern | B14: 40583 | C14: 28311 | D14: 45135 | E14: 39927
A15: Niedersachsen | B15: 43940 | C15: 24368 | D15: 56514 | E15: 40210
A16: Nordrhein-Westfalen | B16: 47145 | C16: 23612 | D16: 57102 | E16: 44564
A17: Rheinland-Pfalz | B17: 43952 | C17: 26699 | D17: 55894 | E17: 40221
... A22: Thüringen | B22: 41639 | C22: 29725 | D22: 45464 | E22: 40335
A25: 12.10 Gesamtwirtschaftliche Einkommensgrößen der privaten Haushalte je Einwohnerin bzw. Einwohner 2024
A26: im Ländervergleich
A28: Land | B28: Primäreinkommen in EUR | C28: Verfügbares Einkommen in EUR | D28: Konsumausgaben in EUR | E28: Sparen in EUR
A29: Deutschland | B29: 36196 | C29: 30069 | D29: 27335 | E29: 3465
A30: Baden-Württemberg | B30: 39966 | C30: 31966 | D30: 28604 | E30: 4164
A31: Bayern | B31: 42286 | C31: 33204 | D31: 29654 | E31: 4387
A32: Berlin | B32: 34311 | C32: 27595 | D32: 25219 | E32: 3145
A33: Brandenburg | B33: 30026 | C33: 27560 | D33: 25406 | E33: 2581
A34: Bremen | B34: 31171 | C34: 26542 | D34: 25151 | E34: 2098
A35: Hamburg | B35: 42603 | C35: 32004 | D35: 29096 | E35: 3740
A36: Hessen | B36: 39478 | C36: 31683 | D36: 28523 | E36: 3946
A37: Mecklenburg-Vorpommern | B37: 27424 | C37: 26913 | D37: 25230 | E37: 2100
A38: Niedersachsen | B38: 34544 | C38: 29080 | D38: 26716 | E38: 3143
A39: Nordrhein-Westfalen | B39: 35067 | C39: 29197 | D39: 26583 | E39: 3372
A40: Rheinland-Pfalz | B40: 36289 | C40: 30519 | D40: 27697 | E40: 3569
... A45: Thüringen | B45: 27143 | C45: 26497 | D45: 24858 | E45: 2065

Sheet Methodik
A1: Link zum Inhaltsverzeichnis
A2: Methodik
A3: Regionale Volkswirtschaftliche Gesamtrechnungen: Die Ergebnisse der regionalen Volkswirtschaftlichen Gesamtrechnungen (VGR) lie- fern Informationen über Wirtschaftsleistung und -wachstum, die Einkommenssituation, den Konsum und die Investitionstätigkeit in der Ge- samtwirtschaft. Die VGR zeigen damit das Wirtschaftsgeschehen im Kreislauf der Entstehung, Verteilung und Verwendung von Produkten, Leistungen und Einkommen. Auf regionaler Ebene obliegen die Volkswirtschaftlichen Gesamtrechnungen dem Arbeitskreis "Volkswirt- schaftliche Gesamtrechnungen der Länder" (AK VGRdL). Diesem Arbeitskreis (AK) gehören Vertreterinnen und Vertreter aller Statistischen Ämter der Länder an. Die regionalen Angaben für die Länder werden vom AK VGRdL arbeitsteilig berechnet, wobei jedes Land einen be- stimmten Rechenbereich für alle Länder bearbeitet.
A4: Berechnungsmethode: Für die Berechnungen der VGR werden alle geeigneten laufenden wirtschaftsstatistischen Erhebungen verwendet, die zum jeweiligen Berechnungsstand vorliegen. Zusätzlich fließen in die Berechnungen weitere administrative Daten (z. B. Daten der Bun- desagentur für Arbeit, der Finanz- und Steuerstatistiken) ein. Das statistische Ausgangsmaterial für die VGR fällt aber weder gleichzeitig noch jeweils in der erforderlichen Tiefengliederung an. Um die Aktualität zu sichern, müssen daher zunächst vorläufige Ergebnisse anhand der noch unvollständigen Datenbasis errechnet werden. Diese werden dann mehrfach auf Basis des inzwischen weiter angefallenen statistischen Materials überarbeitet. Der Berechnungsstand der re- gionalen VGR entspricht nicht in jedem Fall dem aktuellen Stand der Bundesergebnisse. Bei Benutzung sollte sich bei Auswertungen daher stets des – bei jeder Veröffentlichung angegebenen – Berechnungsstandes vergewissern.
A5: Entstehungsrechnung: Teilgebiet der VGR, in dem die wirtschaftliche Leistung von der Produktionsseite her berechnet und dargestellt wird.
A6: Verteilungsrechnung: Teilgebiet der VGR, in dem die wirtschaftliche Leistung anhand der im Wirtschaftsprozess entstandenen Einkommen unter Berücksichtigung der Saldengrößen zwischen Inland und Inländerinnen bzw. Inländern berechnet und dargestellt wird.
A7: Verwendungsrechnung: Teilgebiet der VGR, in dem die wirtschaftliche Leistung von der Verwendungsseite (Ausgabenseite) her berechnet und dargestellt wird. Sie zeigt, wie die produzierten und importierten Güter und Leistungen verwendet werden.
A8: Erwerbstätigenrechnung: Die Berechnungen zur Zahl der Erwerbstätigen erfolgen nach einem einheitlichen Konzept, das vom Arbeitskreis "Erwerbstätigenrechnung der Länder" entwickelt wurde. Diesem Arbeitskreis gehören Vertreterinnen und Vertreter aller Statistischen Ämter der Länder und des Statistischen Bundesamtes an. Die regionalen Angaben für die Länder werden arbeitsteilig von den Statistischen Ämtern der Länder berechnet, wobei jedes Land einen bestimmten Rechenbereich für alle Länder bearbeitet.
A9: Berechnungsstand: Alle in diesem Kapitel enthaltenen Angaben auf Ebene der Länder beziehen sich auf den Berechnungsstand August 2025 bzw. Februar 2026. Die Ergebnisse nach Kreisen beziehen sich auf den Berechnungsstand Februar 2025.
A10: Revision 2024: Im Jahr 2024 fand in Deutschland – wie in den meisten Mitgliedstaaten der Europäischen Union – eine umfassende Revision (Generalrevision) der VGR einschließlich der Erwerbstätigenrechnung (ETR) statt. In den regionalen VGR brachte die Generalrevision 2024 keine grundlegenden methodischen Änderungen mit sich. Die mit der Generalrevision 2014 eingeführten Konzepte des ESVG 2010 sind weiterhin gültig und werden erst mit der nächsten Generalrevision überarbeitet. Wichtige Neuerungen und Anpassungen in den regionalen VGR im Zuge der Generalrevision 2024 umfassten insbesondere: - die Integration der neuen Strukturstatistik im Handels- und Dienstleistungsbereich, die vormals getrennte Statistiken im Handel, Gastgewerbe und Dienstleistungsbereich ersetzt, - die erweiterte Nutzung des Statistischen Unternehmensregisters zur verbesserten Regionalisierung der Bruttowertschöpfung auf Länder- und Kreisebene, - die Einbeziehung der Bruttolöhne und -gehälter aus Nebenerwerbstätigkeit sowie die Überarbeitung der Durchschnittsverdienste der Arbeiterinnen und Arbeiter/Angestellten, - die Reklassifizierung des ÖPNV und des Schienennetzes zum Staatssektor. Abweichend vom üblichen Vorgehen wurden mit der Sommerüberarbeitung 2025 einzelne Zeitreihen auch vor dem Jahr 2021 über- arbeitet. Weiterführende Informationen diesbezüglich finden Sie auf der Website des Arbeitskreises "VGR der Länder".
A11: > https://www.statistikportal.de/de/vgrdl/methoden-und-informationen#revisionen
A12: Um Brüche in den Zeitreihen zu vermeiden, wurden die VGR-Aggregate für Deutschland und auf regionaler Ebene zurück bis 1991 neu berechnet. Die in diesem Jahrbuchkapitel veröffentlichten Ergebnisse zum Berechnungsstand August 2025 sind mit Ergebnissen früherer Berechnungs- stände/Veröffentlichungen nicht vergleichbar.

Sheet Glossar
A1: Link zum Inhaltsverzeichnis
A2: Glossar
A3: Das Anlagevermögen umfasst alle produzierten Vermögensgüter, die länger als ein Jahr wiederholt oder dauerhaft in der Produktion ein- gesetzt werden. Es gliedert sich in Ausrüstungen einschließlich militärischer Waffensysteme (Maschinen, Geräte, Fahrzeuge), sonstige An- lagen (geistiges Eigentum (z. B. Forschung und Entwicklung, Software, Urheberrechte), Nutztiere und Nutzpflanzungen) und Bauten (Wohn- bauten und Nichtwohngebäude, sonstige Bauten wie Straßen, Brücken, Tunnels, Flugplätze, Kanäle und Ähnliches; einbezogen sind auch mit Bauten fest verbundene Einrichtungen wie Aufzüge, Heizungs-, Lüftungs- und Klimaanlagen). Die Berechnung des Anlagevermögens erfolgt nach der international gebräuchlichen Perpetual-Inventory-Methode, bei der davon ausgegangen wird, dass sich der heute vorhan- dene Kapitalbestand aus den Anlageinvestitionen der Vergangenheit zusammensetzt.
A4: Als Arbeitnehmerin bzw. Arbeitnehmer zählt, wer als Arbeiterin bzw. Arbeiter, Angestellte bzw. Angestellter, Beamte bzw. Beamter, Richterin bzw. Richter, Berufssoldatin bzw. Berufssoldat, Soldatin bzw. Soldat auf Zeit sowie Personen in Freiwilligendiensten, Auszubil- dende bzw. Auszubildender, Praktikantin bzw. Praktikant oder Volontärin bzw. Volontär in einem Arbeits- bzw. Dienstverhältnis steht.
A5: Das geleistete oder gezahlte Arbeitnehmerentgelt nach dem Inlandskonzept umfasst sämtliche Geld- und Sachleistungen, die von einer Arbeitgeberin bzw. einem Arbeitgeber an eine Arbeitnehmerin bzw. einen Arbeitnehmer erbracht werden, und zwar als Entgelt für die von diesem im Berichtszeitraum geleistete Arbeit. Inlandskonzept besagt, dass der Nachweis der Arbeitnehmerentgelte am Ort der Arbeits- stätten erfolgt, unabhängig vom Wohnort der Arbeitnehmerin bzw. Arbeitnehmer. Das empfangene Arbeitnehmerentgelt nach dem Inländerkonzept umfasst dagegen das von Inländerinnen bzw. Inländern bei inländischen sowie ausländischen Arbeitgeberinnen und Arbeitgebern verdiente Entgelt. Inländerkonzept heißt, dass der Nachweis des Arbeitnehmer- entgelts am Wohnort erfolgt, unabhängig vom Arbeitsort der Arbeitnehmerinnen und Arbeitnehmer.
A6: Das Arbeitsvolumen umfasst die in der Gesamtwirtschaft zur Erstellung des Bruttoinlandsprodukts insgesamt von den Erwerbstätigen (Arbeitnehmerinnen und Arbeitnehmern sowie Selbstständigen) geleisteten Arbeitsstunden.
A7: Die Bruttoanlageinvestitionen umfassen den Wert der Anlagen, die von inländischen Wirtschaftseinheiten erworben werden, um sie län- ger als ein Jahr im Produktionsprozess einzusetzen. Sie setzen sich zusammen aus: Ausrüstungen (Maschinen und Geräte einschließlich militärischer Waffensysteme), Bauten (Wohnbauten, Nichtwohnbauten) und sonstigen Anlagen (größtenteils bestehend aus Forschung und Entwicklung, Software und Datenbanken).
A8: Das Bruttoinlandsprodukt zu Marktpreisen umfasst die innerhalb eines abgegrenzten Wirtschaftsgebietes (Inland) erbrachte wirtschaft- liche Gesamtleistung. Hierbei wird zu der zu Herstellungspreisen bewerteten Bruttowertschöpfung aller Wirtschaftsbereiche und Sektoren des Gebietes die Differenz aus Gütersteuern und Gütersubventionen addiert.
A9: Bruttolöhne und -gehälter umfassen regelmäßig gezahlte Grundlöhne und ‑gehälter, Zuschläge u. a. für Überstunden, Nacht- oder Sonn- tagsarbeit, sowie alle Prämien, Zuschüsse und Sonderzahlungen der Arbeitgeberin bzw. des Arbeitgebers. In Form von Geldleistungen schließen sie alle von der Arbeitnehmerin bzw. vom Arbeitnehmer gezahlten Sozialbeiträge, Einkommensteuern usw. ein, auch wenn diese von der Arbeitgeberin bzw. vom Arbeitgeber einbehalten und für die Arbeitnehmerin bzw. den Arbeitnehmer direkt an Sozialsysteme und Steuerbehörden abgeführt werden. Bruttolöhne und ‑gehälter in Form von Sachleistungen umfassen Waren, Dienstleistungen und sonsti- ge Leistungen, die unentgeltlich oder verbilligt von den Arbeitgeberinnen und Arbeitgebern zur Verfügung gestellt werden.
A10: Das Bruttonationaleinkommen zu Marktpreisen ist ein volkswirtschaftlicher Einkommensindikator, der sich nach dem Inländerkonzept für ein Gebiet bestimmt. Es kann z. B. aus dem Bruttoinlandsprodukt und dem Saldo der die Gebietsgrenzen überschreitenden Primärein- kommen berechnet werden.
A11: Die Bruttowertschöpfung zu Herstellungspreisen umfasst die innerhalb eines abgegrenzten Wirtschaftsgebietes (Inland) erbrachte wirt- schaftliche Leistung, und zwar den Wert aller im Berichtszeitraum produzierten Waren und Dienstleistungen (Produktionswert zu Her- stellungspreisen) abzüglich des Wertes der bei der Produktion verbrauchten Güter (Vorleistungen zu Anschaffungspreisen einschließlich Finanzserviceleistungen indirekter Messung) der einzelnen Wirtschaftsbereiche, Sektoren oder der Volkswirtschaft insgesamt. Die Brutto- wertschöpfung enthält nicht die Gütersteuern abzüglich Gütersubventionen.
A12: Erwerbstätige sind alle Personen, die unabhängig von der Dauer ihrer Arbeitszeit einer oder mehreren Erwerbstätigkeiten nachgehen. Zu den Erwerbstätigen gehören Selbstständige, mithelfende Familienangehörige, freiberuflich Tätige, beschäftigte Arbeitnehmerinnen und Arbeitnehmer sowie Soldatinnen und Soldaten und Personen in Freiwilligendiensten.
... A23: Wirtschaftswachstum: Veränderungsrate des preisbereinigten Bruttoinlandsprodukts.

Sheet Mehr zum Thema
A1: Link zum Inhaltsverzeichnis
A2: Mehr zum Thema
A3: Weitere Informationen zum Thema finden Sie auf der Website des Statistischen Amtes Mecklenburg-Vorpommern
A4: > https://www.laiv-mv.de/statistik/
A6: und außerdem auf der Website des Arbeitskreises "Volkswirtschaftliche Gesamtrechnungen der Länder"
A7: bzw. des Arbeitskreises "Erwerbstätigenrechnung der Länder" jeweils unter "Methoden und Definitionen"
A8: > https://www.statistikportal.de/de/vgrdl | C8: > https://www.statistikportal.de/de/etr
A13: Statistische Berichte Mecklenburg-Vorpommern
A14: > P113 | B14: Bruttoinlandsprodukt und Bruttowertschöpfung der Wirtschaftsbereiche
A15: > P123 | B15: Bruttolöhne und -gehälter sowie Arbeitnehmerentgelt am Arbeitsort nach Wirtschaftsbereichen
A16: > P133 | B16: Einkommen der privaten Haushalte einschließlich privater Organisationen ohne Erwerbszweck
A17: > P143 | B17: Entstehung und Verwendung des Bruttoinlandsproduktes
A18: > P153 | B18: Anlageinvestitionen der Wirtschaftsbereiche
A19: > P163 | B19: Anlagevermögen der Wirtschaftsbereiche
A20: > P173 | B20: Bruttonationaleinkommen und Volkseinkommen
A21: > P173S | B21: Nettonationaleinkommen und Volkseinkommen
A22: > P213 | B22: Bruttoinlandsprodukt und Bruttowertschöpfung der Wirtschaftsbereiche in den kreisfreien Städten und Landkreisen
A23: > P223 | B23: Bruttolöhne und -gehälter sowie Arbeitnehmerentgelt der Wirtschaftsbereiche in den kreisfreien Städten und Landkreisen
A24: > P233 | B24: Primäreinkommen und verfügbares Einkommen der privaten Haushalte in den kreisfreien Städten und Landkreisen
A25: > A663K | B25: Erwerbstätige nach Wirtschaftsbereichen in den kreisfreien Städten und Landkreisen
... A28: > A673 | B28: Arbeitsvolumen der Erwerbstätigen nach Wirtschaftsbereichen
A29: Qualitätsberichte Statistisches Bundesamt
A30: > Volkswirtschaftliche Gesamtrechnungen
A31: Fachliche Informationen
A32: Martin Axnick, Telefon: 0385 588-56420, vgr@statistik-mv.de, | C32: etr@statistik-mv.de

Sheet  
